Workbook

Sheet BDI-SEM DESONERAÇÃO
A1: DEMONSTRATIVO DO BDI - SEM DESONERAÇÃO - OBRA RODOVIÁRIA
A3: BDI (CONFORME ACÓRDÃO Nº 2622/13 e LEI Nº 13.161 DE 31/08/15)
A4: DISCRIMINAÇÃO DAS PARCELAS | B4: SIG. (1) | C4: CONSTRUÇÃO DE RODOVIAS E FERROVIAS | J4: INC. (6)
C5: ISS (2) | G5: DIFERENCIADO
C6: 0.02 | D6: 0.03 | E6: 0.04 | F6: 0.05 | G6: MATERIAL (5) | H6: SERVIÇO TERCEIRIZADO (4) (ISS=5%) | I6: EQUIPAMENTO (3) (ISS=5%)
A7: CUSTO DIRETO | B7: CD | C7: 1 | D7: 1 | E7: 1 | F7: 1 | G7: 1 | H7: 1 | I7: 1
A8: ADMINISTRAÇÃO CENTRAL | B8: AC | C8: 0.0467 | D8: 0.0467 | E8: 0.0467 | F8: 0.0467 | G8: 0.0342 | H8: 0.0401 | I8: 0.0342 | J8: CD
A9: LUCRO BRUTO | B9: L | C9: 0.0753 | D9: 0.0753 | E9: 0.0753 | F9: 0.0753 | G9: 0.0494 | H9: 0.0664 | I9: 0.0494 | J9: CD
A10: DESPESAS FINANCEIRAS | B10: DF | C10: 0.010477 | D10: 0.010477 | E10: 0.010477 | F10: 0.010477 | G10: 0.010477 | H10: 0.010477 | I10: 0.010477 | J10: CD
A11: SEGUROS, GARANTIAS E RISCO | C11: =SUM(C12:C13) -> 0.0171 | D11: =SUM(D12:D13) -> 0.0171 | E11: =SUM(E12:E13) -> 0.0171 | F11: =SUM(F12:F13) -> 0.0171 | G11: =SUM(G12:G13) -> 0.0129 | H11: =SUM(H12:H13) -> 0.0082 | I11: =SUM(I12:I13) -> 0.0129 | J11: CD
A12: SEGUROS + GARANTIAS | B12: S | C12: 0.0074 | D12: 0.0074 | E12: 0.0074 | F12: 0.0074 | G12: 0.0053 | H12: 0.0032 | I12: 0.0053 | J12: CD
A13: RISCO(*) | B13: R | C13: 0.0097 | D13: 0.0097 | E13: 0.0097 | F13: 0.0097 | G13: 0.0076 | H13: 0.005 | I13: 0.0076 | J13: CD
A14: TRIBUTOS | B14: I | C14: =SUM(C15:C17) -> 0.0505 | D14: =SUM(D15:D17) -> 0.0575 | E14: =SUM(E15:E17) -> 0.0645 | F14: =SUM(F15:F17) -> 0.0715 | G14: =SUM(G15:G17) -> 0.0365 | H14: =SUM(H15:H17) -> 0.0615 | I14: =SUM(I15:I17) -> 0.0615 | J14: PV
A15: ISS | B15: ISS(2) | C15: 0.014 | D15: 0.021 | E15: 0.028 | F15: 0.035 | G15: - | H15: 0.025 | I15: 0.025 | J15: PV
A16: PIS | B16: PIS | C16: 0.0065 | D16: 0.0065 | E16: 0.0065 | F16: 0.0065 | G16: 0.0065 | H16: 0.0065 | I16: 0.0065 | J16: PV
A17: COFINS | B17: - | C17: 0.03 | D17: 0.03 | E17: 0.03 | F17: 0.03 | G17: 0.03 | H17: 0.03 | I17: 0.03 | J17: PV
A18: CPRB (7) | B18: INSS | C18: 0 | D18: 0 | E18: 0 | F18: 0 | G18: 0 | H18: 0 | I18: 0 | J18: PV
A20: FÓRMULA DO BDI | C20: (1 + (AC + S + G + R)) x (1 + DF) x (1 + L)
C21: (1 - (I + CPRB))
A22: BDI (NUMERADOR) | C22: =(1+(C8+C11))*(1+C10)*(1+C9)-1 -> 0.15588882 | D22: =(1+(D8+D11))*(1+D10)*(1+D9)-1 -> 0.15588882 | E22: =(1+(E8+E11))*(1+E10)*(1+E9)-1 -> 0.15588882 | F22: =(1+(F8+F11))*(1+F10)*(1+F9)-1 -> 0.15588882 | G22: =(1+(G8+G11))*(1+G10)*(1+G9)-1 -> 0.11033915 | H22: =(1+(H8+H11))*(1+H10)*(1+H9)-1 -> 0.12961943 | I22: =(1+(I8+I11))*(1+I10)*(1+I9)-1 -> 0.11033915
A23: BDI (DENOMINADOR) | C23: =(1-(C14+C18)) -> 0.9495 | D23: =(1-(D14+D18)) -> 0.9425 | E23: =(1-(E14+E18)) -> 0.9355 | F23: =(1-(F14+F18)) -> 0.9285 | G23: =(1-(G14+G18)) -> 0.9635 | H23: =(1-(H14+H18)) -> 0.9385 | I23: =(1-(I14+I18)) -> 0.9385
A24: BDI | C24: =(1+C22)/C23-1 -> 0.2173658 | D24: =(1+D22)/D23-1 -> 0.22640724 | E24: =(1+E22)/E23-1 -> 0.23558399 | F24: =(1+F22)/F23-1 -> 0.24489911 | G24: =(1+G22)/G23-1 -> 0.15240181 | H24: =(1+H22)/H23-1 -> 0.20364351 | I24: =(1+I22)/I23-1 -> 0.18309978
A26: OBSERVAÇÕES
A27: (1) SIGLA. (2) INCIDÊNCIA DE ISS EM 70% DO PREÇO DE VENDA, COM PERCENTUAIS DE 2%, 3%, 4% E 5%. (3) BDI DIFERENCIADO A SER APLICADO EM LOCAÇÃO DE CUSTO HORÁRIO DE EQUIPAMENTO. (4) BDI DIFERENCIADO A SER APLICADO PARA SERVIÇOS TERCEIRIZADOS. (5) BDI DIFERENCIADO A SER APLICADO PARA FORNECIMENTO DE MATERIAL BETUMINOSO E MATERIAL DE JAZIDA. (6) INCIDÊNCIA. (7) TRANSIÇÃO DESONERAÇÃO LEI Nº 14.973, DE 16 DE SETEMBRO DE 2024.
A28: *Informamos que está em análise o pleito apresentado pelo Ofício nº 042/24-S, do Sindicato da Indústria da Construção Pesada de Minas Gerais (SICEPOT-MG), referente ao posicionamento do colegiado da Segunda Turma do Superior Tribunal de Justiça (STJ), no AREsp nº 2.486.358/SP, relatado pelo Ministro Herman Benjamin, julgado em 13/05/2024, com publicação no DJe de 29/05/2024, que versa sobre a aplicação da dedução na base de cálculo do Imposto Sobre Serviços de Qualquer Natureza (ISSQN).

Sheet Tabela Referencial - Setop
A3: TABELA REFERENCIAL DE PREÇOS UNITÁRIOS PARA OBRAS DE EDIFICAÇÃO
A5: TABELA REFERENCIAL DE PREÇOS UNITÁRIOS PARA OBRAS DE EDIFICAÇÃO
A6: Região Triângulo e Alto Paranaíba - S/ Desoneração
A7: OUTUBRO/2025
A10: CÓDIGO | C10: DESCRIÇÃO DO SERVIÇO | G10: UNIDADE | H10: CUSTO UNITÁRIO
A11: 8663 | C11: SERVIÇOS PRELIMINARES
A12: 8702 | C12: LIMPEZA DO TERRENO
A13: ED-50701 | C13: CAPINA MANUAL DO TERRENO, EXCLUSIVE RASTELAMENTO E QUEIMA | G13: m2 | H13: 1.51
A14: ED-28163 | C14: DESTOCAMENTO E AFASTAMENTO DE REMANESCENTE ARBÓREO, INCLUSIVE TRANSPORTE COM RETIRADA DO MATERIAL DESTOCADO (EM CAÇAMBA) | G14: un | H14: 419.38
A15: ED-50703 | C15: LIMPEZA DE TERRENO, INCLUSIVE CAPINA, RASTELAMENTO COM AFASTAMENTO ATÉ VINTE (20) METROS E QUEIMA CONTROLADA | G15: m2 | H15: 2.68
A16: ED-8143 | C16: RASTELAMENTO DE ÁREA COM AFASTAMENTO DE ATÉ VINTE (20) METROS, EXCLUSIVE CAPINA OU ROÇADA MANUAL | G16: m2 | H16: 1.01
A17: ED-28162 | C17: ROÇADA MANUAL DE TERRENO COM ROÇADEIRA COSTAL, EXCLUSIVE RASTELAMENTO E QUEIMA | G17: m2 | H17: 0.29
A18: 8703 | C18: DESMATAMENTO E DESTOCAMENTO
A19: ED-50702 | C19: DESMATAMENTO, DESTOCAMENTO E LIMPEZA, INCLUSIVE TRANSPORTE ATÉ CINQUENTA (50) METROS | G19: m2 | H19: 0.59
A20: 8704 | C20: SUPRESSÃO DE ÁRVORE
A21: ED-50699 | C21: CORTE DE ÁRVORE COM MOTOSSERRA, DIÂMETRO DO TRONCO ACIMA DE TRINTA (30) CENTÍMETROS ATÉ CINQUENTA (50) CENTÍMETROS, EXCLUSIVE DESTOCAMENTO E AFASTAMENTO | G21: un | H21: 104.39
A22: ED-50697 | C22: CORTE DE ÁRVORE COM MOTOSSERRA, DIÂMETRO DO TRONCO DE QUINZE (15) CENTÍMETROS ATÉ TRINTA (30) CENTÍMETROS, EXCLUSIVE DESTOCAMENTO E AFASTAMENTO | G22: un | H22: 62.63
A23: 8706 | C23: REMOÇÃO DE TELHADO
A24: ED-48438 | C24: REMOÇÃO DE CALHA EM CHAPA GALVANIZADA OU EM PVC, COM REAPROVEITAMENTO, INCLUSIVE AFASTAMENTO E EMPILHAMENTO, EXCLUSIVE TRANSPORTE E RETIRADA DO MATERIAL REMOVIDO NÃO REAPROVEITÁVEL | G24: m | H24: 5.26
A25: ED-48446 | C25: REMOÇÃO MANUAL DE CONDUTOR EM PVC OU METÁLICO, COM REAPROVEITAMENTO, INCLUSIVE AFASTAMENTO E EMPILHAMENTO, EXCLUSIVE TRANSPORTE E RETIRADA DO MATERIAL REMOVIDO NÃO REAPROVEITÁVEL | G25: m | H25: 6.3
A26: ED-48455 | C26: REMOÇÃO MANUAL DE ENGRADAMENTO PARA TELHA TIPO CALHA ESTRUTURAL EM FIBROCIMENTO, COM REAPROVEITAMENTO, INCLUSIVE AFASTAMENTO E EMPILHAMENTO, EXCLUSIVE TRANSPORTE E RETIRADA DO MATERIAL REMOVIDO NÃO REAPROVEITÁVEL | G26: m2 | H26: 12.68
A27: ED-48457 | C27: REMOÇÃO MANUAL DE ENGRADAMENTO PARA TELHA TIPO CERÂMICA OU CONCRETO, INCLUSIVE AFASTAMENTO E EMPILHAMENTO, EXCLUSIVE TRANSPORTE E RETIRADA DO MATERIAL REMOVIDO NÃO REAPROVEITÁVEL | G27: m2 | H27: 25.36
A28: ED-48454 | C28: REMOÇÃO MANUAL DE ENGRADAMENTO PARA TELHA TIPO METÁLICA, PVC OU FIBROCIMENTO, COM REAPROVEITAMENTO, INCLUSIVE AFASTAMENTO E EMPILHAMENTO, EXCLUSIVE TRANSPORTE E RETIRADA DO MATERIAL REMOVIDO NÃO REAPROVEITÁVEL | G28: m2 | H28: 16.9
A29: ED-48506 | C29: REMOÇÃO MANUAL DE RUFO METÁLICO, COM REAPROVEITAMENTO, INCLUSIVE AFASTAMENTO E EMPILHAMENTO, EXCLUSIVE TRANSPORTE E RETIRADA DO MATERIAL REMOVIDO NÃO REAPROVEITÁVEL | G29: m | H29: 7.72
A30: ED-48512 | C30: REMOÇÃO MANUAL DE TELHA EM FIBROCIMENTO, TIPO ONDULADA, COM REAPROVEITAMENTO, INCLUSIVE AFASTAMENTO E EMPILHAMENTO, EXCLUSIVE TRANSPORTE E RETIRADA DO MATERIAL REMOVIDO NÃO REAPROVEITÁVEL | G30: m2 | H30: 14.49
A31: ED-48514 | C31: REMOÇÃO MANUAL DE TELHA CERÂMICA, COM REAPROVEITAMENTO, INCLUSIVE AFASTAMENTO E EMPILHAMENTO, EXCLUSIVE TRANSPORTE E RETIRADA DO MATERIAL REMOVIDO NÃO REAPROVEITÁVEL | G31: m2 | H31: 27.29
A32: ED-48510 | C32: REMOÇÃO MANUAL DE TELHA EM FIBROCIMENTO, TIPO CALHA ESTRUTURAL, COM REAPROVEITAMENTO, INCLUSIVE IÇAMENTO, AFASTAMENTO E EMPILHAMENTO, EXCLUSIVE TRANSPORTE E RETIRADA DO MATERIAL REMOVIDO NÃO REAPROVEITÁVEL | G32: m2 | H32: 27.52
A33: ED-48509 | C33: REMOÇÃO MANUAL DE TELHA METÁLICA OU PVC, COM REAPROVEITAMENTO, INCLUSIVE AFASTAMENTO E EMPILHAMENTO, EXCLUSIVE TRANSPORTE E RETIRADA DO MATERIAL REMOVIDO NÃO REAPROVEITÁVEL | G33: m2 | H33: 10.14
A34: 8707 | C34: DEMOLIÇÃO E REMOÇÃO DE INSTALAÇÃO
A35: ED-48500 | C35: DEMOLIÇÃO MANUAL DE TUBULAÇÕES EMBUTIDAS DE REDE (ÁGUA, ELÉTRICA, GASES, ETC.), INCLUSIVE RASGO EM ALVENARIA, REMOÇÃO DE ACESSÓRIOS DE FIXAÇÃO, AFASTAMENTO E EMPILHAMENTO, EXCLUSIVE TRANSPORTE E RETIRADA DO MATERIAL DEMOLIDO | G35: m | H35: 9.45
A36: ED-48466 | C36: REMOÇÃO MANUAL DE INTERFONE, COM REAPROVEITAMENTO, INCLUSIVE AFASTAMENTO E EMPILHAMENTO, EXCLUSIVE TRANSPORTE E RETIRADA DO MATERIAL REMOVIDO NÃO REAPROVEITÁVEL | G36: un | H36: 49.78
A37: ED-48468 | C37: REMOÇÃO MANUAL DE LUMINÁRIA COMERCIAL, EMBUTIDA OU SOBREPOR, COM REAPROVEITAMENTO, INCLUSIVE AFASTAMENTO E EMPILHAMENTO, EXCLUSIVE TRANSPORTE E RETIRADA DO MATERIAL REMOVIDO NÃO REAPROVEITÁVEL | G37: un | H37: 11.98
A38: ED-48469 | C38: REMOÇÃO MANUAL DE LUMINÁRIA COMPACTA (PLAFON, PAINEL LED, ETC.) EMBUTIDA OU SOBREPOR, COM REAPROVEITAMENTO, INCLUSIVE AFASTAMENTO E EMPILHAMENTO, EXCLUSIVE TRANSPORTE E RETIRADA DO MATERIAL REMOVIDO NÃO REAPROVEITÁVEL | G38: un | H38: 6.99
A39: ED-48499 | C39: REMOÇÃO MANUAL DE REDES DE DUTOS PARA CLIMATIZAÇÃO, INCLUSIVE AFASTAMENTO E EMPILHAMENTO, EXCLUSIVE TRANSPORTE E RETIRADA DO MATERIAL REMOVIDO NÃO REAPROVEITÁVEL | G39: m | H39: 10.5
A40: ED-48515 | C40: REMOÇÃO MANUAL DE TUBULAÇÕES EMBUTIDAS DE REDE (ÁGUA, ELÉTRICA, GASES, ETC.), COM REAPROVEITAMENTO, INCLUSIVE RASGO EM ALVENARIA, REMOÇÃO DE ACESSÓRIOS DE FIXAÇÃO, AFASTAMENTO E EMPILHAMENTO, EXCLUSIVE TRANSPORTE E RETIRADA DO MATERIAL REMOVIDO NÃO REAPROVEITÁVEL | G40: m | H40: 13.65
A41: 8708 | C41: DEMOLIÇÃO DE FORRO
A42: ED-48463 | C42: DEMOLIÇÃO MANUAL DE FORRO DE CHAPA OU PLACA DE GESSO, INCLUSIVE DEMOLIÇÃO DA ESTRUTURA DE SUSTENTAÇÃO, AFASTAMENTO E EMPILHAMENTO, EXCLUSIVE TRANSPORTE E RETIRADA DO MATERIAL DEMOLIDO | G42: m2 | H42: 6.24
A43: 8709 | C43: REMOÇÃO DE FORRO
A44: ED-48460 | C44: REMOÇÃO MANUAL DE FORRO DE PLACAS (GESSO, MINERAL, FIBRA, ISOPOR, COLMEIA, PVC, ETC.), COM REAPROVEITAMENTO, INCLUSIVE AFASTAMENTO E EMPILHAMENTO, EXCLUSIVE DEMOLIÇÃO DA ESTRUTURA DE SUSTENTAÇÃO, TRANSPORTE E RETIRADA DO MATERIAL REMOVIDO NÃO REAPROVEITÁVEL | G44: m2 | H44: 2.36
A45: ED-48459 | C45: REMOÇÃO MANUAL DE FORRO DE PLACAS (GESSO, MINERAL, FIBRA, ISOPOR, COLMEIA, PVC, ETC.), COM REAPROVEITAMENTO, INCLUSIVE DEMOLIÇÃO ESTRUTURA DE SUSTENTAÇÃO, AFASTAMENTO E EMPILHAMENTO, EXCLUSIVE TRANSPORTE E RETIRADA DO MATERIAL REMOVIDO NÃO REAPROVEITÁVEL | G45: m2 | H45: 7.09
A46: ED-48464 | C46: REMOÇÃO MANUAL DE FORRO DE TÁBUAS DE PINHO, COM REAPROVEITAMENTO, INCLUSIVE AFASTAMENTO E EMPILHAMENTO, EXCLUSIVE REMOÇÃO DA ESTRUTURA DE SUSTENTAÇÃO, TRANSPORTE E RETIRADA DO MATERIAL REMOVIDO NÃO REAPROVEITÁVEL | G46: m2 | H46: 11.13
A47: ED-28355 | C47: REMOÇÃO MANUAL ESTRUTURA OU TRAMA DE SUSTENTAÇÃO DE MADEIRA OU METÁLICA PARA FORRO, COM REAPROVEITAMENTO, INCLUSIVE AFASTAMENTO E EMPILHAMENTO, EXCLUSIVE TRANSPORTE E RETIRADA DO MATERIAL REMOVIDO NÃO REAPROVEITÁVEL | G47: m2 | H47: 4.73
A48: 8710 | C48: REMOÇÃO DE ESQUADRIA
A49: ED-48496 | C49: REMOÇÃO MANUAL DE CONJUNTO DE ALIZARES, COM REAPROVEITAMENTO, INCLUSIVE AFASTAMENTO E EMPILHAMENTO, EXCLUSIVE TRANSPORTE E RETIRADA DO MATERIAL REMOVIDO NÃO REAPROVEITÁVEL | G49: cj | H49: 3.95
A50: ED-48458 | C50: REMOÇÃO MANUAL DE CONJUNTO DE FERRAGENS (DOBRADIÇAS, FECHADURA E MAÇANETAS), COM REAPROVEITAMENTO, INCLUSIVE AFASTAMENTO E EMPILHAMENTO, EXCLUSIVE TRANSPORTE E RETIRADA DO MATERIAL REMOVIDO NÃO REAPROVEITÁVEL | G50: un | H50: 24.13
A51: ED-48493 | C51: REMOÇÃO MANUAL DE ESQUADRIA EM MADEIRA, COM REAPROVEITAMENTO, INCLUSIVE REMOÇÃO DE MARCO/ALIZAR/GUARNIÇÕES, AFASTAMENTO E EMPILHAMENTO, EXCLUSIVE TRANSPORTE E RETIRADA DO MATERIAL REMOVIDO NÃO REAPROVEITÁVEL | G51: m2 | H51: 15.13
A52: ED-48497 | C52: REMOÇÃO MANUAL DE ESQUADRIA METÁLICA, COM REAPROVEITAMENTO, INCLUSIVE MARCO/ALIZAR/GUARNIÇÕES, AFASTAMENTO E EMPILHAMENTO, EXCLUSIVE TRANSPORTE E RETIRADA DO MATERIAL REMOVIDO NÃO REAPROVEITÁVEL | G52: m2 | H52: 21.01
A53: ED-48494 | C53: REMOÇÃO MANUAL DE FOLHA DE PORTA OU JANELA DE MADEIRA OU METÁLICA, COM REAPROVEITAMENTO, INCLUSIVE AFASTAMENTO E EMPILHAMENTO, EXCLUSIVE TRANSPORTE E RETIRADA DO MATERIAL REMOVIDO NÃO REAPROVEITÁVEL | G53: m2 | H53: 10.22
A54: ED-48495 | C54: REMOÇÃO MANUAL DE MARCO EM MADEIRA OU METÁLICO, COM REAPROVEITAMENTO, INCLUSIVE AFASTAMENTO E EMPILHAMENTO, EXCLUSIVE TRANSPORTE E RETIRADA DO MATERIAL REMOVIDO NÃO REAPROVEITÁVEL | G54: un | H54: 20.46
A55: 8711 | C55: DEMOLIÇÃO DE IMPERMEABILIZAÇÃO
A56: ED-48465 | C56: DEMOLIÇÃO MANUAL DE IMPERMEABILIZAÇÃO E PROTEÇÃO MECÂNICA, INCLUSIVE AFASTAMENTO E EMPILHAMENTO, EXCLUSIVE TRANSPORTE E RETIRADA DO MATERIAL DEMOLIDO | G56: m2 | H56: 31.18
A57: 8712 | C57: REMOÇÃO DE LOUÇA E ACESSÓRIOS
A58: ED-48467 | C58: REMOÇÃO DE LOUÇAS (LAVATÓRIO, BANHEIRA, PIA, VASO SANITÁRIO, TANQUE), COM REAPROVEITAMENTO, INCLUSIVE AFASTAMENTO E EMPILHAMENTO, EXCLUSIVE TRANSPORTE E RETIRADA DO MATERIAL REMOVIDO NÃO REAPROVEITÁVEL | G58: un | H58: 48.72
A59: ED-48470 | C59: REMOÇÃO MANUAL DE METAIS COMUNS E ACABAMENTOS (TORNEIRA, ACABAMENTO PARA REGISTRO, SIFÃO, ENGATE FLEXÍVEL, ETC.), COM REAPROVEITAMENTO, INCLUSIVE AFASTAMENTO E EMPILHAMENTO, EXCLUSIVE TRANSPORTE E RETIRADA DO MATERIAL REMOVIDO NÃO REAPROVEITÁVEL | G59: un | H59: 7.28
A60: ED-48471 | C60: REMOÇÃO MANUAL DE METAIS EMBUTIDOS (BASE DE REGISTRO, VÁLVULA DE DESCARGA, TORNEIRA ANTIVANDALISMO, ETC.), COM REAPROVEITAMENTO, INCLUSIVE AFASTAMENTO E EMPILHAMENTO, EXCLUSIVE TRANSPORTE E RETIRADA DO MATERIAL REMOVIDO NÃO REAPROVEITÁVEL | G60: un | H60: 23.16
A61: 8713 | C61: DEMOLIÇÃO E REMOÇÃO DE DIVISÓRIA E BANCADA
A62: ED-48452 | C62: DEMOLIÇÃO MANUAL DE ALVENARIA/DIVISÓRIA DE ELEMENTOS VAZADOS (COBOGÓ, ETC. ), INCLUSIVE AFASTAMENTO E EMPILHAMENTO, EXCLUSIVE TRANSPORTE E RETIRADA DO MATERIAL DEMOLIDO | G62: m2 | H62: 19.9
A63: ED-48453 | C63: DEMOLIÇÃO MANUAL DE DIVISÓRIA COMERCIAL EM LAMINADO, INCLUSIVE AFASTAMENTO E EMPILHAMENTO, EXCLUSIVE TRANSPORTE E RETIRADA DO MATERIAL DEMOLIDO | G63: m2 | H63: 8.02
A64: ED-8024 | C64: DEMOLIÇÃO MANUAL DE DIVISÓRIA DE MADEIRA, INCLUSIVE AFASTAMENTO E EMPILHAMENTO, EXCLUSIVE TRANSPORTE E RETIRADA DO MATERIAL DEMOLIDO | G64: m2 | H64: 12.23
A65: ED-48437 | C65: REMOÇÃO MANUAL DE BANCADA DE PEDRA (MÁRMORE, GRANITO, ARDÓSIA, MARMORITE, ETC.), COM REAPROVEITAMENTO, INCLUSIVE RASGO EM ALVENARIA, REMOÇÃO DE ACESSÓRIOS DE FIXAÇÃO, AFASTAMENTO E EMPILHAMENTO, EXCLUSIVE TRANSPORTE E RETIRADA DO MATERIAL REMOVIDO NÃO REAPROVEITÁVEL | G65: m2 | H65: 60.59
A66: ED-28348 | C66: REMOÇÃO MANUAL DE DIVISÓRIA EM PEDRA (MÁRMORE, GRANITO, ARDÓSIA, MARMORITE, ETC.), COM REAPROVEITAMENTO, INCLUSIVE RASGO EM ALVENARIA, REMOÇÃO DE ACESSÓRIOS DE FIXAÇÃO, AFASTAMENTO E EMPILHAMENTO, EXCLUSIVE TRANSPORTE E RETIRADA DO MATERIAL REMOVIDO NÃO REAPROVEITÁVEL | G66: m2 | H66: 50.58
A67: 8714 | C67: DEMOLIÇÃO DE ALVENARIA
A68: ED-48436 | C68: DEMOLIÇÃO MANUAL DE ALVENARIA DE TIJOLO CERÂMICO MACIÇO, INCLUSIVE AFASTAMENTO E EMPILHAMENTO, EXCLUSIVE TRANSPORTE E RETIRADA DO MATERIAL DEMOLIDO | G68: m3 | H68: 171.88
A69: ED-48435 | C69: DEMOLIÇÃO MANUAL DE ALVENARIA DE TIJOLO CERÂMICO OU BLOCO DE CONCRETO, INCLUSIVE AFASTAMENTO E EMPILHAMENTO, EXCLUSIVE TRANSPORTE E RETIRADA DO MATERIAL DEMOLIDO | G69: m3 | H69: 118.17
A70: ED-28338 | C70: DEMOLIÇÃO MANUAL DE CONSTRUÇÃO EM ALVENARIAS DE VEDAÇÃO, COM ESPESSURA MÁXIMA DE 15CM, INCLUSIVE REMOÇÃO COM REAPROVEITAMENTO DE ESQUADRIAS, AFASTAMENTO E EMPILHAMENTO, EXCLUSIVE TRANSPORTE E RETIRADA DO MATERIAL DEMOLIDO/REMOVIDO NÃO REAPROVEITÁVEL | G70: m2 | H70: 18.78
A71: 8715 | C71: DEMOLIÇÃO DE CONCRETO
A72: ED-48441 | C72: DEMOLIÇÃO MANUAL DE CONCRETO ARMADO, INCLUSIVE AFASTAMENTO E EMPILHAMENTO, EXCLUSIVE TRANSPORTE E RETIRADA DO MATERIAL DEMOLIDO | G72: m3 | H72: 540.19
A73: ED-48440 | C73: DEMOLIÇÃO MANUAL DE CONCRETO, SEM ARMAÇÃO, INCLUSIVE AFASTAMENTO E EMPILHAMENTO, EXCLUSIVE TRANSPORTE E RETIRADA DO MATERIAL DEMOLIDO | G73: m3 | H73: 327.39
A74: ED-48443 | C74: DEMOLIÇÃO MECANIZADA DE CONCRETO ARMADO, COM EQUIPAMENTO ELÉTRICO, INCLUSIVE AFASTAMENTO E EMPILHAMENTO, EXCLUSIVE TRANSPORTE E RETIRADA DO MATERIAL DEMOLIDO | G74: m3 | H74: 281.05
A75: ED-48445 | C75: DEMOLIÇÃO MECANIZADA DE CONCRETO ARMADO, COM EQUIPAMENTO PNEUMÁTICO, INCLUSIVE AFASTAMENTO E EMPILHAMENTO, EXCLUSIVE TRANSPORTE E RETIRADA DO MATERIAL DEMOLIDO | G75: m3 | H75: 353.27
A76: ED-48442 | C76: DEMOLIÇÃO MECANIZADA DE CONCRETO, SEM ARMAÇÃO, COM EQUIPAMENTO ELÉTRICO, INCLUSIVE AFASTAMENTO E EMPILHAMENTO, EXCLUSIVE TRANSPORTE E RETIRADA DO MATERIAL DEMOLIDO | G76: m3 | H76: 171.56
A77: ED-48444 | C77: DEMOLIÇÃO MECANIZADA DE CONCRETO, SEM ARMAÇÃO, COM EQUIPAMENTO PNEUMÁTICO, INCLUSIVE AFASTAMENTO E EMPILHAMENTO, EXCLUSIVE TRANSPORTE E RETIRADA DO MATERIAL DEMOLIDO | G77: m3 | H77: 215.32
A78: 8716 | C78: REMOÇÃO DE PADRÃO CONCESSIONÁRIA
A79: ED-48475 | C79: REMOÇÃO MANUAL DE PADRÃO DE ENTRADA DE ÁGUA, COM REAPROVEITAMENTO, INCLUSIVE AFASTAMENTO E EMPILHAMENTO, EXCLUSIVE TRANSPORTE E RETIRADA DO MATERIAL REMOVIDO NÃO REAPROVEITÁVEL | G79: un | H79: 111.36
A80: ED-48474 | C80: REMOÇÃO MANUAL DE PADRÃO DE ENTRADA DE ENERGIA, COM REAPROVEITAMENTO, INCLUSIVE AFASTAMENTO E EMPILHAMENTO, EXCLUSIVE TRANSPORTE E RETIRADA DO MATERIAL REMOVIDO NÃO REAPROVEITÁVEL | G80: un | H80: 279.45
A81: 8717 | C81: DEMOLIÇÃO E REMOÇÃO DE PAVIMENTAÇÃO
A82: ED-48487 | C82: DEMOLIÇÃO MANUAL DE LAJE DE CONCRETO ARMADO, COM ESPESSURA DE ATÉ 15CM, INCLUSIVE AFASTAMENTO E EMPILHAMENTO, EXCLUSIVE TRANSPORTE E RETIRADA DO MATERIAL DEMOLIDO | G82: m2 | H82: 47.27
A83: ED-48507 | C83: DEMOLIÇÃO MANUAL DE SARJETA OU SARJETÃO DE CONCRETO, INCLUSIVE AFASTAMENTO E EMPILHAMENTO, EXCLUSIVE TRANSPORTE E RETIRADA DO MATERIAL DEMOLIDO | G83: m2 | H83: 11.82
A84: ED-48489 | C84: DEMOLIÇÃO MECANIZADA DE LAJE DE CONCRETO ARMADO, COM ESPESSURA DE ATÉ 15CM, , COM EQUIPAMENTO ELÉTRICO, INCLUSIVE AFASTAMENTO E EMPILHAMENTO, EXCLUSIVE TRANSPORTE E RETIRADA DO MATERIAL DEMOLIDO | G84: m2 | H84: 25.28
A85: ED-48486 | C85: DEMOLIÇÃO MECANIZADA DE LAJE DE CONCRETO ARMADO, COM ESPESSURA DE ATÉ 15CM, , COM EQUIPAMENTO PNEUMÁTICO, INCLUSIVE AFASTAMENTO E EMPILHAMENTO, EXCLUSIVE TRANSPORTE E RETIRADA DO MATERIAL DEMOLIDO | G85: m2 | H85: 31.28
A86: ED-48492 | C86: DEMOLIÇÃO MECANIZADA DE REVESTIMENTO ASFÁLTICO, COM EQUIPAMENTO PNEUMÁTICO, INCLUSIVE AFASTAMENTO E EMPILHAMENTO, EXCLUSIVE TRANSPORTE E RETIRADA DO MATERIAL DEMOLIDO | G86: m2 | H86: 10.45
A87: ED-48490 | C87: REMOÇÃO MANUAL DE ALVENARIA POLIÉDRICA, COM REAPROVEITAMENTO, INCLUSIVE AFASTAMENTO E EMPILHAMENTO, EXCLUSIVE TRANSPORTE E RETIRADA DO MATERIAL REMOVIDO NÃO REAPROVEITÁVEL | G87: m2 | H87: 16.19
A88: ED-48488 | C88: REMOÇÃO MANUAL DE CALÇADA PORTUGUESA, COM REAPROVEITAMENTO, INCLUSIVE AFASTAMENTO E EMPILHAMENTO, EXCLUSIVE TRANSPORTE E RETIRADA DO MATERIAL REMOVIDO NÃO REAPROVEITÁVEL | G88: m2 | H88: 9.77
A89: ED-48473 | C89: REMOÇÃO MANUAL DE GUIA DE MEIO-FIO EM PEDRA (GNAISSE, BASALTO, ETC.), COM REAPROVEITAMENTO, INCLUSIVE AFASTAMENTO E EMPILHAMENTO, EXCLUSIVE TRANSPORTE E RETIRADA DO MATERIAL REMOVIDO NÃO REAPROVEITÁVEL | G89: m | H89: 23.63
A90: ED-48472 | C90: REMOÇÃO MANUAL DE GUIA DE MEIO-FIO PRÉ-MOLDADA EM CONCRETO, COM REAPROVEITAMENTO, INCLUSIVE AFASTAMENTO E EMPILHAMENTO, EXCLUSIVE TRANSPORTE E RETIRADA DO MATERIAL REMOVIDO NÃO REAPROVEITÁVEL | G90: m | H90: 12.6
A91: ED-48476 | C91: REMOÇÃO MANUAL DE PAVIMENTAÇÃO INTERTRAVADA OU SEXTAVADO EM PRÉ-MOLDADO DE CONCRETO, COM REAPROVEITAMENTO, INCLUSIVE AFASTAMENTO E EMPILHAMENTO, EXCLUSIVE TRANSPORTE E RETIRADA DO MATERIAL REMOVIDO NÃO REAPROVEITÁVEL | G91: m2 | H91: 16.19
A92: ED-48491 | C92: REMOÇÃO MANUAL DE PAVIMENTO PARALELEPÍPEDO, COM REAPROVEITAMENTO, INCLUSIVE AFASTAMENTO E EMPILHAMENTO, EXCLUSIVE TRANSPORTE E RETIRADA DO MATERIAL REMOVIDO NÃO REAPROVEITÁVEL | G92: m2 | H92: 18.05
A93: 8718 | C93: DEMOLIÇÃO E REMOÇÃO DE REVESTIMENTO
A94: ED-48504 | C94: DEMOLIÇÃO MANUAL DE LAMINADO MELAMÍNICO EM SUPERFÍCIE DE MADEIRA OU PAREDE, INCLUSIVE AFASTAMENTO E EMPILHAMENTO, EXCLUSIVE TRANSPORTE E RETIRADA DO MATERIAL DEMOLIDO | G94: m2 | H94: 11.82
A95: ED-48501 | C95: DEMOLIÇÃO MANUAL DE REBOCO OU EMBOÇO, COM ESPESSURA DE ATÉ 55MM, INCLUSIVE AFASTAMENTO E EMPILHAMENTO, EXCLUSIVE TRANSPORTE E RETIRADA DO MATERIAL DEMOLIDO | G95: m2 | H95: 11.23
A96: ED-48502 | C96: DEMOLIÇÃO MANUAL DE REVESTIMENTO CERÂMICO, AZULEJO OU LADRILHO HIDRÁULICO, INCLUSIVE AFASTAMENTO E EMPILHAMENTO, EXCLUSIVE DEMOLIÇÃO DO REBOCO OU EMBOÇO, TRANSPORTE E RETIRADA DO MATERIAL DEMOLIDO | G96: m2 | H96: 23.39
A97: ED-48503 | C97: DEMOLIÇÃO MANUAL DE REVESTIMENTO DE PEDRA (MÁRMORE, GRANITO, ARDÓSIA, ETC.), INCLUSIVE AFASTAMENTO E EMPILHAMENTO, EXCLUSIVE DEMOLIÇÃO DO REBOCO OU EMBOÇO, TRANSPORTE E RETIRADA DO MATERIAL DEMOLIDO | G97: m2 | H97: 28.06
A98: ED-48478 | C98: REMOÇÃO MANUAL DE PEITORIL DE MÁRMORE OU GRANITO, COM REAPROVEITAMENTO, INCLUSIVE AFASTAMENTO E EMPILHAMENTO, EXCLUSIVE TRANSPORTE E RETIRADA DO MATERIAL REMOVIDO NÃO REAPROVEITÁVEL | G98: m | H98: 9.21
A99: 8719 | C99: DEMOLIÇÃO E REMOÇÃO DE PISO
A100: ED-48480 | C100: DEMOLIÇÃO MANUAL DE PISO CERÂMICO OU LADRILHO HIDRÁULICO, INCLUSIVE AFASTAMENTO E EMPILHAMENTO, EXCLUSIVE DEMOLIÇÃO DE CONTRAPISO, TRANSPORTE E RETIRADA DO MATERIAL DEMOLIDO | G100: m2 | H100: 18.71
A101: ED-48479 | C101: DEMOLIÇÃO MANUAL DE PISO CIMENTADO OU CONTRAPISO DE ARGAMASSA, COM ESPESSURA MÁXIMA DE 10CM, INCLUSIVE AFASTAMENTO E EMPILHAMENTO, EXCLUSIVE TRANSPORTE E RETIRADA DO MATERIAL DEMOLIDO | G101: m2 | H101: 20.05
A102: ED-48481 | C102: DEMOLIÇÃO MANUAL DE PISO DE PEDRAS (MÁRMORE, GRANITO, ARDÓSIA, ETC.), INCLUSIVE AFASTAMENTO E EMPILHAMENTO, EXCLUSIVE DEMOLIÇÃO DE CONTRAPISO, TRANSPORTE E RETIRADA DO MATERIAL DEMOLIDO | G102: m2 | H102: 23.39
A103: ED-48483 | C103: DEMOLIÇÃO MANUAL DE PISO EM GRANILITE/MARMORITE, INCLUSIVE AFASTAMENTO E EMPILHAMENTO, EXCLUSIVE TRANSPORTE E RETIRADA DO MATERIAL DEMOLIDO | G103: m2 | H103: 25.51
A104: ED-48482 | C104: DEMOLIÇÃO MANUAL DE PISO VINÍLICO, INCLUSIVE AFASTAMENTO E EMPILHAMENTO, EXCLUSIVE TRANSPORTE E RETIRADA DO MATERIAL DEMOLIDO | G104: m2 | H104: 9.95
A105: ED-48505 | C105: DEMOLIÇÃO MANUAL DE RODAPÉ, INCLUSIVE ARGAMASSA DE ASSENTAMENTO E AFASTAMENTO, EXCLUSIVE TRANSPORTE E RETIRADA DO MATERIAL DEMOLIDO | G105: m | H105: 3.1
...

Sheet Tabela Ref.- Sudecap Consul.
C1: TABELA MENSAL DE PREÇO UNITÁRIO
C2: MÊS DE REFERÊNCIA: 09.2025
C3: Onerada
A5: CÓDIGO | B5: ORIGEM | C5: DESCRICAO | D5: UND | E5: VALOR | F5: PREÇO DE VENDA | G5: FATOR MULTIPLICADOR
A6: 61 | C6: PESSOAL
A7: 61.11 | B7: SUDECAP | C7: ENGENHEIRO/ARQUITETO PARA ELABORACAO DE PROJETOS
A8: 61.11.01 | B8: SUDECAP | C8: ENGENHEIRO CONSULTOR ESPECIAL | D8: H | E8: 227.45 | F8: 290.44531 | G8: 0.27696333
A9: 61.11.02 | B9: SUDECAP | C9: ENGENHEIRO CONSULTOR | D9: H | E9: 207.99 | F9: 265.58092 | G9: 0.27689273
A10: 61.11.03 | B10: SUDECAP | C10: ENGENHEIRO COORDENADOR | D10: H | E10: 188.52 | F10: 240.71625 | G10: 0.27687382
A11: 61.11.04 | B11: SUDECAP | C11: ENGENHEIRO SENIOR | D11: H | E11: 169.05 | F11: 215.85186 | G11: 0.2768522
A12: 61.11.05 | B12: SUDECAP | C12: ENGENHEIRO INTERMEDIARIO | D12: H | E12: 149.58 | F12: 190.9872 | G12: 0.27682308
A13: 61.11.06 | B13: SUDECAP | C13: ENGENHEIRO JUNIOR | D13: H | E13: 132.86 | F13: 169.16936 | G13: 0.27329035
A14: 61.11.07 | B14: SUDECAP | C14: ENGENHEIRO TRAINEE | D14: H | E14: 94.53 | F14: 120.21944 | G14: 0.27175965
A15: 61.11.08 | B15: SUDECAP | C15: ARQUITETO CONSULTOR ESPECIAL | D15: H | E15: 227.45 | F15: 290.44531 | G15: 0.27696333
A16: 61.11.09 | B16: SUDECAP | C16: ARQUITETO CONSULTOR | D16: H | E16: 207.99 | F16: 265.58092 | G16: 0.27689273
A17: 61.11.10 | B17: SUDECAP | C17: ARQUITETO COORDENADOR | D17: H | E17: 188.52 | F17: 240.71625 | G17: 0.27687382
A18: 61.11.11 | B18: SUDECAP | C18: ARQUITETO SÊNIOR | D18: H | E18: 169.05 | F18: 215.85186 | G18: 0.2768522
A19: 61.11.12 | B19: SUDECAP | C19: ARQUITETO INTERMEDIÁRIO | D19: H | E19: 149.58 | F19: 190.9872 | G19: 0.27682308
... A24: 61.11.17 | B24: SUDECAP | C24: ESTAGIÁRIO DE NÍVEL SUPERIOR - 04 HORAS | D24: H | E24: 13.66 | F24: 16.697152 | G24: 0.22233906
A25: 61.12 | B25: SUDECAP | C25: AUXILIAR DE ENGENHARIA/ARQUITETURA
A26: 61.12.01 | B26: SUDECAP | C26: AUXILIAR DE ENGENHARIA PARA PROJETOS | D26: H | E26: 26.61 | F26: 33.298602 | G26: 0.25135671
A27: 61.12.02 | B27: SUDECAP | C27: AUXILIAR DE ARQUITETURA PARA PROJETOS | D27: H | E27: 26.61 | F27: 33.298602 | G27: 0.25135671
A28: 61.13 | B28: SUDECAP | C28: PROJETISTA PARA ELABORACAO DE PROJETOS
A29: 61.13.01 | B29: SUDECAP | C29: PROJETISTA SENIOR | D29: H | E29: 38.78 | F29: 48.908996 | G29: 0.26119123
A30: 61.13.02 | B30: SUDECAP | C30: PROJETISTA INTERMEDIARIO | D30: H | E30: 34.64 | F30: 43.59487 | G30: 0.25851241
A31: 61.13.03 | B31: SUDECAP | C31: PROJETISTA JUNIOR | D31: H | E31: 30.92 | F31: 38.825505 | G31: 0.2556761
A32: 61.13.04 | B32: SUDECAP | C32: PROJETISTA CADISTA | D32: H | E32: 38.78 | F32: 48.908996 | G32: 0.26119123
A33: 61.14 | B33: SUDECAP | C33: TECNICO PARA ELABORACAO DE PROJETOS
A34: 61.14.01 | B34: SUDECAP | C34: TECNICO SENIOR | D34: H | E34: 38.78 | F34: 48.908996 | G34: 0.26119123
A35: 61.14.02 | B35: SUDECAP | C35: TECNICO INTERMEDIARIO | D35: H | E35: 34.64 | F35: 43.59487 | G35: 0.25851241
A36: 61.14.03 | B36: SUDECAP | C36: TECNICO JUNIOR | D36: H | E36: 30.92 | F36: 38.825505 | G36: 0.2556761
A37: 61.15 | B37: SUDECAP | C37: DESENHISTA PARA ELABORACAO DE PROJETOS
A38: 61.15.01 | B38: SUDECAP | C38: DESENHISTA PROJETISTA | D38: H | E38: 34.64 | F38: 43.59487 | G38: 0.25851241
A39: 61.15.02 | B39: SUDECAP | C39: DESENHISTA TECNICO / CADISTA | D39: H | E39: 30.92 | F39: 38.825505 | G39: 0.2556761
A40: 61.15.03 | B40: SUDECAP | C40: DESENHISTA COPISTA | D40: H | E40: 21.55 | F40: 26.817443 | G40: 0.24442893
A41: 61.16 | B41: SUDECAP | C41: SERVICOS ADMINISTRATIVOS
A42: 61.16.01 | B42: SUDECAP | C42: AUXILIAR ADMINISTRATIVO SENIOR | D42: H | E42: 32.5 | F42: 40.858297 | G42: 0.25717836
A43: 61.16.02 | B43: SUDECAP | C43: AUXILIAR ADMINISTRATIVO INTERMEDIARIO | D43: H | E43: 29.29 | F43: 36.745635 | G43: 0.25454541
A44: 61.16.03 | B44: SUDECAP | C44: AUXILIAR ADMINISTRATIVO JUNIOR | D44: H | E44: 26.09 | F44: 32.632574 | G44: 0.25076942
A45: 61.21 | B45: SUDECAP | C45: ENGENHEIRO/ARQUITETO PARA SUPERVISAO DE OBRAS
A46: 61.21.01 | B46: SUDECAP | C46: ENGENHEIRO CONSULTOR | D46: H | E46: 189.08 | F46: 241.46992 | G46: 0.27707807
A47: 61.21.02 | B47: SUDECAP | C47: ENGENHEIRO COORDENADOR | D47: H | E47: 171.38 | F47: 218.8657 | G47: 0.27707844
A48: 61.21.03 | B48: SUDECAP | C48: ENGENHEIRO SENIOR | D48: H | E48: 153.68 | F48: 196.26149 | G48: 0.27707891
A49: 61.21.04 | B49: SUDECAP | C49: ENGENHEIRO INTERMEDIARIO | D49: H | E49: 135.98 | F49: 173.65755 | G49: 0.27708153
A50: 61.21.05 | B50: SUDECAP | C50: ENGENHEIRO JUNIOR | D50: H | E50: 120.78 | F50: 154.09988 | G50: 0.27587247
A51: 61.21.06 | B51: SUDECAP | C51: ENGENHEIRO TRAINEE | D51: H | E51: 85.94 | F51: 109.59998 | G51: 0.27530811
A52: 61.21.07 | B52: SUDECAP | C52: ARQUITETO CONSULTOR | D52: H | E52: 189.08 | F52: 241.46992 | G52: 0.27707807
A53: 61.21.08 | B53: SUDECAP | C53: ARQUITETO COORDENADOR | D53: H | E53: 171.38 | F53: 218.8657 | G53: 0.27707844
A54: 61.21.09 | B54: SUDECAP | C54: ARQUITETO SÊNIOR | D54: H | E54: 153.68 | F54: 196.26149 | G54: 0.27707891
A55: 61.21.10 | B55: SUDECAP | C55: ARQUITETO INTERMEDIÁRIO | D55: H | E55: 135.98 | F55: 173.65755 | G55: 0.27708153
A56: 61.21.11 | B56: SUDECAP | C56: ARQUITETO JÚNIOR | D56: H | E56: 120.78 | F56: 154.09988 | G56: 0.27587247
A57: 61.21.12 | B57: SUDECAP | C57: ARQUITETO TRAINEE | D57: H | E57: 85.94 | F57: 109.59998 | G57: 0.27530811
A58: 61.22 | B58: SUDECAP | C58: AUXILIAR DE ENGENHARIA/ARQUITETURA
A59: 61.22.01 | B59: SUDECAP | C59: AUXILIAR DE ENGENHARIA PARA OBRAS | D59: H | E59: 24.19 | F59: 30.682362 | G59: 0.26839032
A60: 61.22.02 | B60: SUDECAP | C60: AUXILIAR DE ARQUITETURA PARA OBRAS | D60: H | E60: 24.19 | F60: 30.682362 | G60: 0.26839032
A61: 61.23 | B61: SUDECAP | C61: TECNICO PARA SUPERVISAO DE OBRAS
A62: 61.23.01 | B62: SUDECAP | C62: TECNICO SENIOR | D62: H | E62: 35.26 | F62: 44.838581 | G62: 0.27165573
A63: 61.23.02 | B63: SUDECAP | C63: TECNICO INTERMEDIARIO | D63: H | E63: 31.49 | F63: 40.019517 | G63: 0.2708643
A64: 61.23.03 | B64: SUDECAP | C64: TECNICO JUNIOR | D64: H | E64: 28.11 | F64: 35.694544 | G64: 0.26981659
A65: 61.24 | B65: SUDECAP | C65: DESENHISTA PARA SUPERVISAO DE OBRAS
A66: 61.24.01 | B66: SUDECAP | C66: DESENHISTA PROJETISTA | D66: H | E66: 31.49 | F66: 40.019517 | G66: 0.2708643
A67: 61.24.02 | B67: SUDECAP | C67: DESENHISTA TECNICO / CADISTA | D67: H | E67: 28.11 | F67: 35.694544 | G67: 0.26981659
A68: 61.24.03 | B68: SUDECAP | C68: DESENHISTA COPISTA | D68: H | E68: 19.59 | F68: 24.805079 | G68: 0.26621126
A69: 61.31 | B69: SUDECAP | C69: TOPOGRAFIA
A70: 61.31.01 | B70: SUDECAP | C70: TOPOGRAFO SENIOR | D70: H | E70: 35.26 | F70: 44.838581 | G70: 0.27165573
A71: 61.31.02 | B71: SUDECAP | C71: TOPOGRAFO INTERMEDIARIO | D71: H | E71: 31.68 | F71: 40.266424 | G71: 0.27103612
A72: 61.31.03 | B72: SUDECAP | C72: TOPOGRAFO JUNIOR | D72: H | E72: 28.11 | F72: 35.694544 | G72: 0.26981659
A73: 61.31.04 | B73: SUDECAP | C73: NIVELADOR | D73: H | E73: 28.11 | F73: 35.694544 | G73: 0.26981659
A74: 61.31.05 | B74: SUDECAP | C74: BALIZA | D74: H | E74: 18.81 | F74: 23.812587 | G74: 0.2659536
A75: 61.31.06 | B75: SUDECAP | C75: AJUDANTE DE TOPOGRAFIA | D75: H | E75: 18.81 | F75: 23.812587 | G75: 0.2659536
A76: 61.32 | B76: SUDECAP | C76: LABORATORIO
A77: 61.32.01 | B77: SUDECAP | C77: LABORATORISTA SENIOR | D77: H | E77: 39.65 | F77: 50.46157 | G77: 0.27267516
A78: 61.32.02 | B78: SUDECAP | C78: LABORATORISTA JUNIOR | D78: H | E78: 31.49 | F78: 40.019517 | G78: 0.2708643
A79: 61.32.03 | B79: SUDECAP | C79: AUXILIAR DE LABORATORIO | D79: H | E79: 19.59 | F79: 24.805079 | G79: 0.26621126
A80: 61.34 | B80: SUDECAP | C80: AUXILIARES DE APOIO
A81: 61.34.01 | B81: SUDECAP | C81: MOTORISTA | D81: H | E81: 29.23 | F81: 37.137494 | G81: 0.27052665
A82: 61.34.02 | B82: SUDECAP | C82: APONTADOR | D82: H | E82: 18.81 | F82: 23.812587 | G82: 0.2659536
A83: 61.34.03 | B83: SUDECAP | C83: SERVENTE | D83: H | E83: 19.66 | F83: 24.890807 | G83: 0.26606342
A84: 62 | C84: PROJETOS
A85: 62.01 | B85: SUDECAP | C85: PROJETOS DE EDIFICACOES
A86: 62.01.04 | B86: SUDECAP | C86: PROJETO ARQUITETONICO - EXECUTIVO EXCLUSIVE PAPEL VEGETAL | D86: A1 | E86: 2172.51 | F86: 2763.9524 | G86: 0.27223922
A87: 62.01.10 | B87: SUDECAP | C87: PROJETO DE TERRAPLENAGEM (PLANTA) EXCLUSIVE PAPEL VEGETAL | D87: A1 | E87: 1191.16 | F87: 1515.9386 | G87: 0.27265745
A88: 62.01.11 | B88: SUDECAP | C88: PROJETO DE TERRAPLENAGEM (SEÇOES) EXCLUSIVE PAPEL VEGETAL | D88: A1 | E88: 759.09 | F88: 961.9765 | G88: 0.26727595
A89: 62.01.12 | B89: SUDECAP | C89: PROJETO DE DRENAGEM PLUVIAL EXCLUSIVE PAPEL VEGETAL | D89: A1 | E89: 1524.57 | F89: 1939.7277 | G89: 0.27231133
A90: 62.01.13 | B90: SUDECAP | C90: PROJETO PAISAGISTICO PRAÇA, PARQUE E AREA DE LAZER EXCLUSIVE PAPEL VEGETAL | D90: A1 | E90: 4343.84 | F90: 5533.1045 | G90: 0.27378184
A91: 62.01.14 | B91: SUDECAP | C91: PROJETO PAISAGISTICO AREAS LIVRES OBRAS EDIFICAÇAO EXCLUSIVE PAPEL VEGETAL | D91: A1 | E91: 1969.5 | F91: 2504.3495 | G91: 0.27156615
A92: 62.01.15 | B92: SUDECAP | C92: PROJETO GEOMETRICO DE CONTENÇAO EXCLUSIVE PAPEL VEGETAL | D92: A1 | E92: 1684.82 | F92: 2144.8359 | G92: 0.27303566
A93: 62.01.16 | B93: SUDECAP | C93: PROJETO DE ESTRUTURA DE CONCRETO EXCLUSIVE PAPEL VEGETAL | D93: A1 | E93: 1534.14 | F93: 1950.0303 | G93: 0.27109016
A94: 62.01.17 | B94: SUDECAP | C94: PROJETO ESTRUTURAL DE CONTENÇAO / CANAL EXCLUSIVE PAPEL VEGETAL | D94: A1 | E94: 1534.14 | F94: 1950.0303 | G94: 0.27109016
A95: 62.01.19 | B95: SUDECAP | C95: PROJETO ELETRICO EXCLUSIVE PAPEL VEGETAL | D95: A1 | E95: 1848.39 | F95: 2348.7289 | G95: 0.27068901
A96: 62.01.20 | B96: SUDECAP | C96: PROJETO DE CABEAMENTO ESTRUTURADO EXCLUSIVE PAPEL VEGETAL | D96: A1 | E96: 2283.14 | F96: 2908.7847 | G96: 0.27402819
A97: 62.01.21 | B97: SUDECAP | C97: PROJETO DE ESTRUTURA METALICA EXCLUSIVE PAPEL VEGETAL | D97: A1 | E97: 2349.89 | F97: 2986.6968 | G97: 0.27099431
... A118: 62.01.47 | B118: SUDECAP | C118: LEVANTAMENTO CADASTRAL DE EDIFICAÇÃO EXCLUSIVE PAPEL VEGETAL | D118: A1 | E118: 1095.16 | F118: 1390.347 | G118: 0.26953778
A119: 62.02 | B119: SUDECAP | C119: ESTUDO PRELIMINAR
A120: 62.02.01 | B120: SUDECAP | C120: DE EDIFICACAO - AREA <= 600M2 EXCLUSIVE PAPEL VEGETAL | D120: UN | E120: 4934.23 | F120: 6288.9117 | G120: 0.27454775
A121: 62.02.02 | B121: SUDECAP | C121: DE EDIFICACAO - 600 M2 < AREA <= 1.500 M2 EXCLUSIVE PAPEL VEGETAL | D121: UN | E121: 9868.46 | F121: 12577.823 | G121: 0.27454775
A122: 62.02.03 | B122: SUDECAP | C122: DE EDIFICACAO - AREA > 1500 M2 EXCLUSIVE PAPEL VEGETAL | D122: UN | E122: 14800.44 | F122: 18863.988 | G122: 0.27455591
A123: 62.02.04 | B123: SUDECAP | C123: DE IMPLANT. DE EDIFICACAO PADRAO COM AREA <= 600M2 EXCLUSIVE PAPEL VEGETAL | D123: UN | E123: 3153.24 | F123: 4015.8364 | G123: 0.27355874
A124: 62.02.05 | B124: SUDECAP | C124: DE IMPLAN. EDIFIC. PADRAO C/ AREA 600<AREA<=1500M2 EXCLUSIVE PAPEL VEGETAL | D124: UN | E124: 4815.35 | F124: 6135.5807 | G124: 0.27417129
A125: 62.02.06 | B125: SUDECAP | C125: DE IMPLANTACAO EDIFICACAO PADRAO C/ AREA > 1500M2 EXCLUSIVE PAPEL VEGETAL | D125: UN | E125: 9596.45 | F125: 12229.347 | G125: 0.27436154
...

Sheet Tabela Referencial - Sudecap
C1: TABELA MENSAL DE PREÇO UNITÁRIO
C2: MÊS DE REFERÊNCIA: 09/25
C3: Onerada SEM BDI
A4: CÓDIGO | B4: ORIGEM | C4: DESCRICAO | D4: UND | E4: VALOR
A5: 01 | C5: INSTALAÇÃO DA OBRA
A6: 01.01 | B6: SUDECAP | C6: ESCRITÓRIO DE OBRA
A7: 01.01.13 | B7: SUDECAP | C7: LAVABO | D7: UN | E7: 3589.03
A8: 01.01.20 | B8: SUDECAP | C8: ESCRITÓRIO DA CONTRATADA - ATÉ 15M2 | D8: M2 | E8: 565.3
A9: 01.01.21 | B9: SUDECAP | C9: ESCRITÓRIO DA CONTRATADA - ATÉ 22M2 | D9: M2 | E9: 519.84
A10: 01.01.22 | B10: SUDECAP | C10: ESCRITÓRIO DA FISCALIZAÇÃO - ATÉ 15M2 | D10: M2 | E10: 565.3
A11: 01.01.23 | B11: SUDECAP | C11: ESCRITÓRIO DA FISCALIZAÇÃO - ATÉ 22M2 | D11: M2 | E11: 519.84
A12: 01.02 | B12: SUDECAP | C12: BARRACÃO DE OBRA
A13: 01.02.10 | B13: SUDECAP | C13: ÁREA COBERTA EM TELHA DE FIBROCIMENTO | D13: M2 | E13: 119.74
A14: 01.02.30 | B14: SUDECAP | C14: VESTIÁRIO PARA ATÉ 20 PESSOAS | D14: M2 | E14: 340.34
A15: 01.02.31 | B15: SUDECAP | C15: VESTIÁRIO PARA ATÉ 30 PESSOAS | D15: M2 | E15: 317.07
A16: 01.02.32 | B16: SUDECAP | C16: VESTIÁRIO PARA ATÉ 40 PESSOAS | D16: M2 | E16: 301.55
A17: 01.02.35 | B17: SUDECAP | C17: DEPÓSITO E FERRAMENTARIA - ATÉ 15 M2 | D17: M2 | E17: 499.82
A18: 01.02.36 | B18: SUDECAP | C18: DEPÓSITO E FERRAMENTARIA - ATÉ 26M2 | D18: M2 | E18: 443.64
A19: 01.02.37 | B19: SUDECAP | C19: DEPÓSITO E FERRAMENTARIA - ATÉ 33M2 | D19: M2 | E19: 430.09
A20: 01.02.38 | B20: SUDECAP | C20: DEPÓSITO DE MATERIAIS ENSACADOS - ATÉ 15 M2 | D20: M2 | E20: 405.34
A21: 01.02.40 | B21: SUDECAP | C21: REFEITÓRIO - ATÉ 19M2 | D21: M2 | E21: 469.1
A22: 01.02.41 | B22: SUDECAP | C22: REFEITÓRIO- ATÉ 26M2 | D22: M2 | E22: 452.66
A23: 01.02.45 | B23: SUDECAP | C23: INSTALAÇÃO SANITÁRIA / VESTIÁRIO PARA ATÉ 4 PESSOAS | D23: M2 | E23: 692.93
A24: 01.02.46 | B24: SUDECAP | C24: INSTALAÇÃO SANITÁRIA - ATÉ 15M2 | D24: M2 | E24: 610.95
... A26: 01.02.48 | B26: SUDECAP | C26: INSTALAÇÃO SANITÁRIA - ATÉ 33M2 | D26: M2 | E26: 546.44
A27: 01.03 | B27: SUDECAP | C27: PLACA DE OBRA AFIXADA COM PEÇAS DE MADEIRA
A28: 01.03.01 | B28: SUDECAP | C28: PLACA DE OBRA 3,0 X 2,0M EM LONA IMPRESSÃO DIGITAL PADRÃO SUDECAP | D28: UN | E28: 1603.73
A29: 01.03.02 | B29: SUDECAP | C29: PLACA DE OBRA EM LONA IMPRESSÃO DIGITAL PADRÃO SUDECAP | D29: M2 | E29: 196.83
A30: 01.03.03 | B30: SUDECAP | C30: PLACA DE OBRA EM CHAPA GALVANIZADA ADESIVADA, DIMENSÕES 2,40 X 1,20 M, PADRÃO CEF | D30: M2 | E30: 509.62
A31: 01.04 | B31: SUDECAP | C31: TAPUME PADRÃO SUDECAP
A32: 01.04.01 | B32: SUDECAP | C32: TAPUME PADRÃO SUDECAP, DE COMPENSADO 10MM, COM FIXAÇÃO ENTERRADA | D32: M | E32: 109.16
A33: 01.04.03 | B33: SUDECAP | C33: TAPUME PADRÃO SUDECAP DE COMPENSADO 10MM COM BASE DE CONCRETO | D33: M | E33: 115.46
A34: 01.04.05 | B34: SUDECAP | C34: INFORME PUBLICITÁRIO, LONA IMPRESSÃO DIGITAL APLICADO EM TAPUME | D34: M2 | E34: 82.9
A35: 01.04.06 | B35: SUDECAP | C35: TAPUME PADRÃO SUDECAP DE TELA GALVANIZADA #2" FIO 14 COM FIXAÇAO ENTERRADA | D35: M | E35: 70.88
A36: 01.04.07 | B36: SUDECAP | C36: TAPUME PADRÃO SUDECAP DE TELA GALVANIZADA #2" FIO 14 COM BASE DE CONCRETO | D36: M | E36: 74.29
A37: 01.04.09 | B37: SUDECAP | C37: TELA - TAPUME DE POLIPROPILENO H=1,20 M, INCLUSIVE BASE | D37: M | E37: 13.25
A38: 01.04.10 | B38: SUDECAP | C38: PROTEÇAO COM FITA ZEBRADA AMARELA L=7CM E PEÇA 7X7 | D38: M | E38: 10.04
A39: 01.04.11 | B39: SUDECAP | C39: FITA ZEBRADA AMARELA PARA SINALIZAÇAO L= 7CM | D39: M | E39: 3.79
A40: 01.04.16 | B40: SUDECAP | C40: TAPUME METÁLICO COM BASE DE CONCRETO (M) | D40: M | E40: 116.91
A41: 01.04.17 | B41: SUDECAP | C41: TAPUME METÁLICO COM BASE ENTERRADA (M) | D41: M | E41: 103.03
A42: 01.04.18 | B42: SUDECAP | C42: TAPUME METÁLICO COM TELA E BASE DE CONCRETO (M) | D42: M | E42: 134.41
A43: 01.04.19 | B43: SUDECAP | C43: TAPUME METÁLICO COM TELA E BASE ENTERRADA (M) | D43: M | E43: 120.5
... A45: 01.04.21 | B45: SUDECAP | C45: PLACA DE ACESSO À INFORMAÇÃO, EM CHAPA DE AÇO E=0,60MM, COM ADESIVO VINÍLICO, FIXADA COM REBITES, TAMANHO 1,00X0,70 M | D45: UN | E45: 89.44
A46: 01.06 | B46: SUDECAP | C46: INSTALAÇÃO PROVISÓRIA - CONCESSIONÁRIA
A47: 01.06.01 | B47: SUDECAP | C47: PADRÃO CEMIG PROVISÓRIO TIPO C3, DEMANDA PROVÁVEL DE 23,1 ATÉ 27,0KW (3F+N) | D47: UN | E47: 688.47
A48: 01.06.05 | B48: SUDECAP | C48: PADRÃO COPASA - KIT CAVALETE METAL E REGISTRO 3/4" | D48: UN | E48: 508.94
A49: 01.07 | B49: SUDECAP | C49: FOSSA E SUMIDOURO
A50: 01.07.02 | B50: SUDECAP | C50: FOSSA SÉPTICA E SUMIDOURO DN= 1,20M H= 4,00M | D50: UN | E50: 6043.87
A51: 01.08 | B51: SUDECAP | C51: REDE INTERNA E PROVISÓRIA DE ÁGUA E ESGOTO
A52: 01.08.01 | B52: SUDECAP | C52: REDE INTERNA E PROVISÓRIA DE ÁGUA E ESGOTO TUBO PVC D= 100MM | D52: M | E52: 23.85
A53: 01.08.02 | B53: SUDECAP | C53: REDE INTERNA E PROVISÓRIA DE ÁGUA E ESGOTO TUBO PVC D= 150MM | D53: M | E53: 49.87
A54: 01.08.03 | B54: SUDECAP | C54: REDE INTERNA E PROVISÓRIA DE ÁGUA E ESGOTO TUBO PVC D= 200MM | D54: M | E54: 118.8
A55: 01.08.04 | B55: SUDECAP | C55: REDE INTERNA E PROVISÓRIA DE ÁGUA E ESGOTO TUBO PVC D= 250MM | D55: M | E55: 191.51
A56: 01.08.20 | B56: SUDECAP | C56: REDE INTERNA E PROVISÓRIA DE ÁGUA E ESGOTO TUBO PVC ÁGUA SOLDA E CONEXÕES D= 20MM (1/2") | D56: M | E56: 7.07
A57: 01.08.21 | B57: SUDECAP | C57: REDE INTERNA E PROVISÓRIA DE ÁGUA E ESGOTO TUBO PVC ÁGUA SOLDA E CONEXÕES D= 25MM (3/4") | D57: M | E57: 7.51
A58: 01.09 | B58: SUDECAP | C58: CONTAINER 6,0X2,40X2,82 M COM ISOLAMENTO TÉRMICO
A59: 01.09.01 | B59: SUDECAP | C59: MOBILIZAÇÃO DE CONTAINER | D59: UN | E59: 900
A60: 01.09.02 | B60: SUDECAP | C60: CONTAINER SIMPLES COM AR CONDICIONADO PARA ESCRITÓRIO | D60: MES | E60: 1450
A61: 01.09.03 | B61: SUDECAP | C61: CONTAINER COM SANITÁRIO E AR CONDICIONADO PARA ESCRITÓRIO | D61: MES | E61: 1750
A62: 01.09.11 | B62: SUDECAP | C62: DESMOBILIZAÇÃO DE CONTAINER | D62: UN | E62: 900
A63: 01.09.12 | B63: SUDECAP | C63: INSTALAÇÕES DE MOBILIÁRIOS PARA CONTAINER TIPO ESCRITÓRIO COM SANITÁRIO | D63: UN | E63: 591.35
A64: 01.09.14 | B64: SUDECAP | C64: INSTALAÇÕES DE MOBILIÁRIOS PARA CONTAINER TIPO REFEITÓRIO | D64: UN | E64: 199.67
A65: 01.09.15 | B65: SUDECAP | C65: INSTALAÇÕES DE MOBILIÁRIOS PARA CONTAINER TIPO DEPÓSITO E FERRAMENTARIA COM LAVATÓRIO | D65: UN | E65: 1136.15
A66: 01.09.17 | B66: SUDECAP | C66: INSTALAÇÕES DE MOBILIÁRIOS PARA CONTAINER TIPO ESCRITÓRIO SEM SANITÁRIO | D66: UN | E66: 745.58
A67: 01.09.18 | B67: SUDECAP | C67: CONTAINER VESTIÁRIO TIPO I | D67: MES | E67: 1700
A68: 01.09.19 | B68: SUDECAP | C68: CONTAINER VESTIÁRIO TIPO II | D68: MES | E68: 2600
A69: 01.09.20 | B69: SUDECAP | C69: CONTAINER VESTIÁRIO TIPO III | D69: MES | E69: 3500
A70: 01.09.21 | B70: SUDECAP | C70: CONTAINER SIMPLES | D70: MES | E70: 1200
... A76: 01.09.27 | B76: SUDECAP | C76: CONTAINER PARA 2 VESTIÁRIOS E SANITÁRIOS | D76: MES | E76: 2500
A77: 01.10 | B77: SUDECAP | C77: BANHEIRO QUÍMICO
A78: 01.10.01 | B78: SUDECAP | C78: BANHEIRO QUÍMICO 110 X 120 X 230CM COM MANUTENÇÃO | D78: MES | E78: 1050
A79: 01.10.02 | B79: SUDECAP | C79: BANHEIRO QUÍMICO E REBOQUE PARA TRANSPORTE DE BANHEIRO QUÍMICO | D79: MES | E79: 1811.81
A80: 01.11 | B80: SUDECAP | C80: SINALIZAÇÃO
A81: 01.11.01 | B81: SUDECAP | C81: PLACA 1,0 X 0,60M DUPLA FACE CHAPA GALVANIZADA 26 EM CAVALETE | D81: UNMES | E81: 27.45
A82: 01.11.02 | B82: SUDECAP | C82: PLACA 1,0 X 0,60M CHAPA 26 EM CAVALETE METALON 20 X 20MM | D82: UNMES | E82: 23.45
A83: 01.11.03 | B83: SUDECAP | C83: PLACA 0,50 X 0,50M DUPLA FACE CHAPA GALVANIZADA 22 EM CAVALETE | D83: UNMES | E83: 19.85
A84: 01.11.04 | B84: SUDECAP | C84: PLACA 0,50 X 0,50M CHAPA GALVANIZADA 22 CAVALETE METALON 20 X 20 | D84: UNMES | E84: 16.05
A85: 01.11.05 | B85: SUDECAP | C85: INSTALAÇÃO DE FAIXA MORIM 6,00M X 0,80M EM TECIDO COMUM E EUCALIPTO | D85: UN | E85: 157.52
A86: 01.11.06 | B86: SUDECAP | C86: SINALIZAÇÃO COM CONE MASTER 75CM BASE DE BORRACHA CORPO POLIETILENO | D86: UN | E86: 81.14
A87: 01.11.07 | B87: SUDECAP | C87: SINALIZAÇÃO COM CONE EM PVC H= 75CM | D87: UN | E87: 39.82
A88: 01.11.08 | B88: SUDECAP | C88: SINALIZADOR MONOLIGHT LED 60 A 70 FLASHES/MINUTO | D88: UN | E88: 96.81
A89: 01.12 | C89: VISTORIA CAUTELAR
A90: 01.12.01 | B90: SUDECAP | C90: VISTORIA CAUTELAR - ÁREA CONSTRUÍDA <= 100M2 | D90: UN | E90: 393.27
A91: 01.12.02 | B91: SUDECAP | C91: VISTORIA CAUTELAR - 101M2 < ÁREA CONSTRUÍDA <= 200M2 | D91: UN | E91: 491.1
A92: 01.12.03 | B92: SUDECAP | C92: VISTORIA CAUTELAR - 201M2 < ÁREA CONSTRUÍDA <= 500M2 | D92: UN | E92: 653.84
A93: 01.12.04 | B93: SUDECAP | C93: VISTORIA CAUTELAR - 501M2 < ÁREA CONSTRUÍDA <= 2000M2 | D93: UN | E93: 951.3
A94: 01.12.05 | B94: SUDECAP | C94: VISTORIA CAUTELAR - 2001M2 < ÁREA CONSTRUÍDA <= 7000M2 | D94: UN | E94: 1592.09
A95: 01.12.06 | B95: SUDECAP | C95: VISTORIA CAUTELAR - ÁREA CONSTRUÍDA > 7001M2 | D95: UN | E95: 2237.37
A96: 01.13 | B96: SUDECAP | C96: GERENCIAMENTO DE RESÍDUOS DA CONSTRUÇÃO CIVIL
A97: 01.13.01 | B97: SUDECAP | C97: BAIA SIMPLES PARA RESÍDUOS DA CONSTRUÇÃO CIVIL | D97: UN | E97: 1764.78
A98: 01.13.02 | B98: SUDECAP | C98: BAIA DUPLA PARA RESÍDUOS DA CONSTRUÇÃO CIVIL | D98: UN | E98: 3021.25
A99: 01.13.03 | B99: SUDECAP | C99: PLACA IDENTIFCAÇÃO RESÍDUOS-PGRCC, CONFORME RESOLUÇÃO CONAMA-RDC Nº 275/01,EM LONA (BANNER), (30X30)CM | D99: UN | E99: 79.8
A101: 01.13.04 | B101: SUDECAP | C101: FORNECIMENTO DE BIG BAG PARA RESÍDUOS COMUNS - CAPACIDADE APROXIMADA 1M3, PADRÃO CLUB FARM OU EQUIVALENTE | D101: UN | E101: 80.93
A103: 01.13.05 | B103: SUDECAP | C103: FORNECIMENTO LIXEIRA PLÁSTICA COM TAMPA VAI-VEM - 100 LITROS, PADRÃO Q100 WEBPLÁSTICO OU EQUIVALENTE | D103: UN | E103: 199
A104: 01.13.06 | B104: SUDECAP | C104: FORNECIMENTO DE LONA REFORÇADA DE POLIETILENO PARA COBERTURA DE CAÇAMBA (4Mx4M), 600 MICRA | D104: UN | E104: 167.9
A105: 01.13.07 | B105: SUDECAP | C105: FORNECIMENTO DE BOMBONA BOCA LARGA PARA RESÍDUOS CLASSE B - 100 LITROS | D105: UN | E105: 384
A106: 01.14 | B106: SUDECAP | C106: SERVIÇOS AUXILIARES DE INSTALAÇÃO DE OBRA
A107: 01.14.01 | B107: SUDECAP | C107: PORTA EM COMPENSADO RESINADO 10MM 80X210CM | D107: UN | E107: 113.56
A108: 01.14.02 | B108: SUDECAP | C108: CONJUNTO MESA (130X60CM) E 2 BANCOS (130X40CM) EM MADEIRITE | D108: CJ | E108: 404.75
A109: 01.14.03 | B109: SUDECAP | C109: BANCO (130X40CM) EM MADEIRITE, PARA VESTIARIO | D109: UN | E109: 117.05
...

Sheet Memoria de Calculo
A2: MEMÓRIA DE CÁLCULO DE QUANTITATIVOS
A3: ='Planilha Orçamentaria'!A3:E3 -> PREFEITURA MUNICIPAL DE ARAXÁ/MG
A4: ='Planilha Orçamentaria'!A4:E4 -> OBRA: RECUPERAÇÃO DE EROSÃO E EXECUÇÃO DE REDE DRENAGEM PLUVIAL
A5: ='Planilha Orçamentaria'!A5:E5 -> LOCAL: RUA ADOLFO FONTES SOBRINHO- BAIRRO JARDIM AMÉRICA, MUNICIPIO DE ARAXÁ/MG
J6: Data: | K6: =TODAY() -> 46078
A8: ITEM | B8: CÓDIGO | C8: SERVIÇOS
A10: 1.0 | C10: ='[1]Planilha Orcamentária'!D10 -> SERVIÇOS PRELIMINARES
A12: 1.1 | B12: ='Planilha Orçamentaria'!C11 -> ED-28427 | C12: ='Planilha Orçamentaria'!D11 -> FORNECIMENTO E COLOCAÇÃO DE PLACA DE OBRA EM CHAPA GALVANIZADA #26, ESP. 0,45MM, DIMENSÃO (3X1,5)M, PLOTADA COM ADESIVO VINÍLICO, AFIXADA COM REBITES 4,8X40MM, EM ESTRUTURA METÁLICA DE METALON 20X20MM, ESP. 1,25MM, INCLUSIVE SUPORTE EM EUCALIPTO AUTOCLAVADO PINTADO COM TINTA PVA DUAS (2) DEMÃOS
A14: Quantidade = | B14: 1 | C14: und
A16: ='[1]Planilha Orcamentária'!A12 -> 1.2 | B16: ='Planilha Orçamentaria'!C12 -> ED-16350 | C16: ='Planilha Orçamentaria'!D12 -> LOCAÇÃO DE CONTAINER COM ISOLAMENTO TÉRMICO, TIPO 3, PARA DEPÓSITO/FERRAMENTARIA DE OBRA, COM MEDIDAS REFERENCIAIS DE (6) METROS COMPRIMENTO, (2,3) METROS LARGURA E (2,5) METROS ALTURA ÚTIL INTERNA, INCLUSIVE LIGAÇÕES ELÉTRICAS INTERNAS, EXCLUSIVE MOBILIZAÇÃO/DESMOBILIZAÇÃO E LIGAÇÕES PROVISÓRIAS EXTERNAS
A18: Quantidade = | B18: 4 | C18: Mês
A20: 1.3 | B20: ='Planilha Orçamentaria'!C13 -> ED-50155 | C20: ='Planilha Orçamentaria'!D13 -> LOCAÇÃO DE BANHEIRO QUÍMICO, DIMENSÃO (110X120X230)CM, LINHA PADRÃO, CONTENDO UMA (1) PIA/HIGIENIZADOR DE MÃOS, INCLUSIVE MANUTENÇÃO E MOBILIZAÇÃO/DESMOBILIZAÇÃO
A22: Quantidade = | B22: 4 | C22: Mês
A24: 1.4 | B24: ='Planilha Orçamentaria'!C14 -> ED-50151 | C24: ='Planilha Orçamentaria'!D14 -> LIGAÇÃO PROVISÓRIA COM ENTRADA DE ENERGIA AÉREA, PADRÃO CEMIG, CARGA INSTALADA DE 15,1KVA ATÉ 30KVA, TRIFÁSICO, COM SAÍDA SUBTERRÂNEA, INCLUSIVE POSTE, CAIXA PARA MEDIDOR, DISJUNTOR, BARRAMENTO, ATERRAMENTO E ACESSÓRIOS
A26: Quantidade = | B26: 1 | C26: und
A28: 1.5 | B28: ='Planilha Orçamentaria'!C15 -> ED-27006 | C28: ='Planilha Orçamentaria'!D15 -> CONE PARA SINALIZAÇÃO/ISOLAMENTO DE ÁREAS, ALTURA 75CM , INCLUSIVE FORNECIMENTO E MOVIMENTAÇÃO
A30: Quantidade = | B30: 30 | C30: und
A32: 1.6 | B32: ='Planilha Orçamentaria'!C16 -> ED-29823 | C32: ='Planilha Orçamentaria'!D16 -> TAPUME FIXO DE PROTEÇÃO PARA FECHAMENTO DE OBRA EM TELHA METÁLICA GALVANIZADA, TIPO TRAPEZOIDAL, ESP. 0,5MM, COM MÓDULO NA DIMENSÃO DE (300X220)CM, COM REAPROVEITAMENTO, EXCLUSIVE PINTURA ESMALTE, INCLUSIVE PONTALETE E FIXAÇÃO
A34: Quantidade = | B34: 34 | C34: m²
A36: ='[1]Planilha Orcamentária'!A14 -> 2.0 | C36: ='[1]Planilha Orcamentária'!D14 -> MOBILIZAÇÃO E DESMOBILIZAÇÃO DE OBRA
A38: ='[1]Planilha Orcamentária'!A15 -> 2.1 | B38: ='Planilha Orçamentaria'!C20 -> ED-50392 | C38: ='Planilha Orçamentaria'!D20 -> MOBILIZAÇÃO E DESMOBILIZAÇÃO DE OBRA EM CENTRO URBANO OU REGIÃO LIMÍTROFE COM VALOR ATÉ O VALOR DE 1.000.000,00
A40: 0.5
A42: VALOR DA OBRA S/ BDI (SEM O VALOR DE MOB. E DESM. | C42: VALOR DA OBRA C/ BDI (SEM O VALOR DE MOB. E DESM. | E42: VALOR DE MOB. E DESM. C/BDI (VALOR DA OBRA C/BDI SEM O VALOR DO ITEM MO. E DESM.) / 100 * 0,30
A43: ='Planilha Orçamentaria'!G20 -> 413231.24 | C43: ='Planilha Orçamentaria'!H20 -> 503067.71 | E43: =C43/100*0.5 -> 2515.3385
A45: 2.2 | B45: ='Planilha Orçamentaria'!C21 -> ED-50137 | C45: ='Planilha Orçamentaria'!D21 -> MOBILIZAÇÃO E DESMOBILIZAÇÃO DE CONTAINER, INCLUSIVE CARGA, DESCARGA E TRANSPORTE EM CAMINHÃO CARROCERIA COM GUINDAUTO (MUNCK), EXCLUSIVE LOCAÇÃO DO CONTAINER
A47: Quantidade = | B47: 1 | C47: und
A49: 3.0 | C49: ='Planilha Orçamentaria'!D24 -> ADMINISTRAÇÃO DE OBRA
A51: 3.1 | B51: ='Planilha Orçamentaria'!C25 -> CO-27348 | C51: ='Planilha Orçamentaria'!D25 -> ENGENHEIRO/ARQUITETO, NÍVEL JÚNIOR, INCLUSIVE ENCARGOS COMPLEMENTARES
A53: Horas por mês | B53: Qnt de meses | C53: Total
A54: 20 | B54: 4 | C54: =A54*B54 -> 80
A56: 3.2 | B56: ='Planilha Orçamentaria'!C26 -> ED-28562 | C56: ='Planilha Orçamentaria'!D26 -> AUXILIAR DE TOPÓGRAFO COM ENCARGOS COMPLEMENTARES
A58: Horas por mês | B58: Qnt de meses | C58: Total
A59: 20 | B59: 4 | C59: =A59*B59 -> 80
A61: 3.3 | B61: ='Planilha Orçamentaria'!C27 -> ED-28561 | C61: ='Planilha Orçamentaria'!D27 -> TOPÓGRAFO COM ENCARGOS COMPLEMENTARES
A63: Horas por mês | B63: Qnt de meses | C63: Total
A64: 20 | B64: 4 | C64: =A64*B64 -> 80
A66: 3.4 | B66: ='Planilha Orçamentaria'!C28 -> 90776 | C66: ='Planilha Orçamentaria'!D28 -> ENCARREGADO GERAL COM ENCARGOS COMPLEMENTARES
A68: Horas por mês | B68: Qnt de meses | C68: Total
A69: 34 | B69: 4 | C69: =A69*B69 -> 136
A71: 4.0 | C71: ='Planilha Orçamentaria'!D31 -> PROJETOS
A73: 4.1 | B73: ='Planilha Orçamentaria'!C32 -> CO-27389 | C73: ='Planilha Orçamentaria'!D32 -> COMO CONSTRUÍDO ("AS BUILT") DE PROJETOS COM ÁREA ATÉ 10.000 M2 (DRENAGEM PLUVIAL)
A75: Área
A76: 1200
A78: 5.0 | C78: ='Planilha Orçamentaria'!D35 -> TERRAPLENAGEM
A80: 5.1 | C80: ='Planilha Orçamentaria'!D36 -> Escavação
A82: 5.1.1 | B82: ='Planilha Orçamentaria'!C37 -> ED-51117 | C82: ='Planilha Orçamentaria'!D37 -> ESCAVAÇÃO MECÂNICA DE VALAS COM PROFUNDIDADE MAIOR QUE 3,0M E MENOR OU IGUAL 5,0M, INCLUSIVE CARGA EM CAMINHÃO, EXCLUSIVE TRANSPORTE E DESCARGA
A84: Comprimento | B84: Largura | C84: Altura | D84: Volume total
A85: 20 | B85: 3 | C85: 3 | D85: =A85*B85*C85 -> 180
A87: 5.2 | C87: ='Planilha Orçamentaria'!D39 -> Escoramento tipo pntalete com prancha verticais
A89: 4.1.2 | B89: ='Planilha Orçamentaria'!C40 -> ED-29712 | C89: ='Planilha Orçamentaria'!D40 -> ESCORAMENTO DE VALA CONTÍNUO, COM PRANCHAS VERTICAIS, LONGARINAS E ESTRONCAS DE MADEIRA, REAPROVEITAMENTO (3X), EXCLUSIVE ESCAVAÇÃO
A91: Metragem
A92: 40
A94: 5.3 | C94: ='Planilha Orçamentaria'!D42 -> Apiloamento
A96: 5.3.1 | B96: ='Planilha Orçamentaria'!C43 -> ED-51094 | C96: ='Planilha Orçamentaria'!D43 -> APILOAMENTO MECANIZADO EM FUNDO DE VALA COM PLACA VIBRATÓRIA, EXCLUSIVE ESCAVAÇÃO
A98: Área
A99: 60
A101: 5.4 | C101: ='Planilha Orçamentaria'!D45 -> Reaterro
A103: 5.4.1 | B103: ='Planilha Orçamentaria'!C46 -> ED-51121 | C103: ='Planilha Orçamentaria'!D46 -> REATERRO MANUAL DE VALA, INCLUSIVE ESPALHAMENTO E COMPACTAÇÃO MECANIZADA COM PLACA VIBRATÓRIA
A105: Volume
A106: 154
A108: 5.5 | C108: ='Planilha Orçamentaria'!D48 -> Compactação
A110: 5.5.1 | B110: ='Planilha Orçamentaria'!C49 -> ED-51098 | C110: ='Planilha Orçamentaria'!D49 -> COMPACTAÇÃO MECÂNICA DE ATERRO COM ROLO VIBRATÓRIO A 95% DO PROCTOR NORMAL, INCLUSIVE ESPALHAMENTO (REATERRO)
A112: Volume
A113: 154
A115: 6.0 | C115: ='Planilha Orçamentaria'!D53 -> DRENAGEM
A117: 6.1 | C117: ='Planilha Orçamentaria'!D54 -> Bueiro
A119: 6.1.1 | B119: ='Planilha Orçamentaria'!C55 -> ED-9210 | C119: ='Planilha Orçamentaria'!D55 -> TUBO DE CONCRETO ARMADO, CLASSE PA1, DIÂMETRO DE 800MM, INCLUSIVE CARGA E DESCARGA MECÂNICA EM CAMINHÃO, ASSENTAMENTO E REJUNTAMENTO, EXCLUSIVE ESCAVAÇÃO E TRANSPORTE
A121: Metragem
A122: 30
A124: 6.2 | C124: ='Planilha Orçamentaria'!D57 -> Berço e Suporte
A126: 6.2.1 | B126: ='Planilha Orçamentaria'!C58 -> ED-49812 | C126: ='Planilha Orçamentaria'!D58 -> LASTRO DE CONCRETO MAGRO, INCLUSIVE TRANSPORTE, LANÇAMENTO E ADENSAMENTO
A128: Volume
A129: 18
A131: 6.2.2 | B131: ='Planilha Orçamentaria'!C59 -> ED-49540 | C131: ='Planilha Orçamentaria'!D59 -> ENROCAMENTO MANUAL COM PEDRA DE MÃO JOGADA,INCLUSIVE FORNECIMENTO
A133: Largura | B133: Comprimento | C133: Altura | D133: Volume
A134: 3 | B134: 3 | C134: 1 | D134: =A134*B134*C134 -> 9
A136: 6.3 | C136: ='Planilha Orçamentaria'!D61 -> Poço de Visita
A138: 6.3.1 | B138: ='Planilha Orçamentaria'!C62 -> ED-48568 | C138: ='Planilha Orçamentaria'!D62 -> CHAMINÉ DE POÇO DE VISITA TIPO "A", EM ALVENARIA COM DEGRAUS DE AÇO CA-50
A140: Metragem
A141: 2
A143: 6.3.2 | B143: ='Planilha Orçamentaria'!C63 -> ED-48634 | C143: ='Planilha Orçamentaria'!D63 -> POÇO DE VISITA PARA REDE TUBULAR TIPO A DN 800, EXCLUSIVE ESCAVAÇÃO, REATERRO E BOTA FORA
A145: Quantidade
A146: 1
A148: 6.3.3 | B148: ='Planilha Orçamentaria'!C64 -> ED-48666 | C148: ='Planilha Orçamentaria'!D64 -> TAMPÃO CIRCULAR EM FERRO FUNDIDO PARA POÇO DE VISITA, ARTICULADO COM DIÂMETRO DE 60CM, CLASSE 400, INCLUSIVE ASSENTAMENTO, EXCLUSIVE POÇO DE VISITA
A150: Quantidade
A151: 1
A153: 6.4 | C153: ='Planilha Orçamentaria'!D66 -> Caixa de Passagem
A155: 6.4.1 | B155: ='Planilha Orçamentaria'!C67 -> ED-48576 | C155: ='Planilha Orçamentaria'!D67 -> CAIXA DE CAPTAÇÃO E DRENAGEM TIPO B (120 X 120 X 150 CM), D = 500 MM A 1500MM, INCLUSIVE ESCAVAÇÃO, REATERRO E BOTA FORA
A157: Quantidade
A158: 2
A160: 6.5 | C160: ='Planilha Orçamentaria'!D69 -> Meio Fio, Sarjeta e Calçada
A162: 6.5.1 | B162: ='Planilha Orçamentaria'!C70 -> ED-51139 | C162: ='Planilha Orçamentaria'!D70 -> GUIA DE MEIO-FIO, EM CONCRETO COM FCK 20MPA, PRÉ-MOLDADA, MFC-01 PADRÃO DER-MG, DIMENSÕES (12X16,7X35)CM, EXCLUSIVE SARJETA, INCLUSIVE ESCAVAÇÃO, APILOAMENTO E TRANSPORTE COM RETIRADA DO MATERIAL ESCAVADO (EM CAÇAMBA)
A164: Metragem
A165: 35
A167: 6.5.2 | B167: ='Planilha Orçamentaria'!C71 -> 94281 | C167: ='Planilha Orçamentaria'!D71 -> EXECUÇÃO DE SARJETA DE CONCRETO USINADO, MOLDADA IN LOCO EM TRECHO RETO, 30 CM BASE X 15 CM ALTURA. AF_01/2024
A169: Metragem
A170: 35
A172: 6.5.3 | B172: ='Planilha Orçamentaria'!C72 -> ED-51144 | C172: ='Planilha Orçamentaria'!D72 -> PASSEIOS DE CONCRETO E = 8 CM, FCK = 15 MPA PADRÃO PREFEITURA
A174: Área
A175: 70
...

Sheet Planilha Orçamentaria
A2: PLANILHA ORÇAMENTÁRIA DE CUSTOS
A3: PREFEITURA MUNICIPAL DE ARAXÁ/MG | H3: Data: | I3: =TODAY() -> 46078
A4: OBRA: RECUPERAÇÃO DE EROSÃO E EXECUÇÃO DE REDE DRENAGEM PLUVIAL | F4: Prazo de Execução: 04 meses
A5: LOCAL: RUA ADOLFO FONTES SOBRINHO- BAIRRO JARDIM AMÉRICA, MUNICIPIO DE ARAXÁ/MG | F5: FORMA DE EXECUÇÃO:
A6: REGIÃO/MÊS DE REFERÊNCIA: SETOP/SEINFRA REGIÃO TRIÂNGULO E ALTO PARANAÍBA - ABRIL E OUTUBRO DE 2025 - SEM DESONERAÇÃO; SINAPI - 12/2025 - SEM DESONERAÇÃO; SUDECAP - 09/2025; SICRO 10/2025 | F6: ( ) | G6: DIRETA | H6: ( X ) | I6: INDIRETA
A7: *DEMONSTRATIVO DE BDI EXTRAÍDO DA TABELA DE REFERÊNCIA (SETOP/SEINFRA) | F7: % ISS MUNICIPAL: | G7: 0.02 | H7: BDI: | I7: 0.2174
A9: ITEM | B9: FONTE | C9: CÓDIGO | D9: DESCRIÇÃO | E9: UNIDADE | F9: QUANTIDADE | G9: PREÇO UNITÁRIO S/ BDI | H9: PREÇO UNITÁRIO C/ BDI | I9: PREÇO TOTAL
A10: 1.0 | D10: SERVIÇOS PRELIMINARES
A11: 1.1 | B11: SEINFRA | C11: ED-28427 | D11: FORNECIMENTO E COLOCAÇÃO DE PLACA DE OBRA EM CHAPA GALVANIZADA #26, ESP. 0,45MM, DIMENSÃO (3X1,5)M, PLOTADA COM ADESIVO VINÍLICO, AFIXADA COM REBITES 4,8X40MM, EM ESTRUTURA METÁLICA DE METALON 20X20MM, ESP. 1,25MM, INCLUSIVE SUPORTE EM EUCALIPTO AUTOCLAVADO PINTADO COM TINTA PVA DUAS (2) DEMÃOS | E11: UND | F11: ='Memoria de Calculo'!B14 -> 1 | G11: ='Tabela Referencial - Setop'!H120 -> 1179.41 | H11: =ROUND(G11+(G11*$I$7),2) -> 1435.81 | I11: =ROUND((F11*H11),2) -> 1435.81 | J11: 100901
A12: 1.2 | B12: SEINFRA | C12: ED-16350 | D12: LOCAÇÃO DE CONTAINER COM ISOLAMENTO TÉRMICO, TIPO 3, PARA DEPÓSITO/FERRAMENTARIA DE OBRA, COM MEDIDAS REFERENCIAIS DE (6) METROS COMPRIMENTO, (2,3) METROS LARGURA E (2,5) METROS ALTURA ÚTIL INTERNA, INCLUSIVE LIGAÇÕES ELÉTRICAS INTERNAS, EXCLUSIVE MOBILIZAÇÃO/DESMOBILIZAÇÃO E LIGAÇÕES PROVISÓRIAS EXTERNAS | E12: MÊS | F12: ='Memoria de Calculo'!B18 -> 4 | G12: ='Tabela Referencial - Setop'!H148 -> 343.03 | H12: =ROUND(G12+(G12*$I$7),2) -> 417.6 | I12: =ROUND((F12*H12),2) -> 1670.4 | J12: 77039
A13: 1.3 | B13: SEINFRA | C13: ED-50155 | D13: LOCAÇÃO DE BANHEIRO QUÍMICO, DIMENSÃO (110X120X230)CM, LINHA PADRÃO, CONTENDO UMA (1) PIA/HIGIENIZADOR DE MÃOS, INCLUSIVE MANUTENÇÃO E MOBILIZAÇÃO/DESMOBILIZAÇÃO | E13: MÊS | F13: ='Memoria de Calculo'!B22 -> 4 | G13: ='Tabela Referencial - Setop'!H154 -> 1050 | H13: =ROUND(G13+(G13*$I$7),2) -> 1278.27 | I13: =ROUND((F13*H13),2) -> 5113.08 | J13: 92018
A14: 1.4 | B14: SEINFRA | C14: ED-50151 | D14: LIGAÇÃO PROVISÓRIA COM ENTRADA DE ENERGIA AÉREA, PADRÃO CEMIG, CARGA INSTALADA DE 15,1KVA ATÉ 30KVA, TRIFÁSICO, COM SAÍDA SUBTERRÂNEA, INCLUSIVE POSTE, CAIXA PARA MEDIDOR, DISJUNTOR, BARRAMENTO, ATERRAMENTO E ACESSÓRIOS | E14: UND | F14: ='Memoria de Calculo'!B26 -> 1 | G14: ='Tabela Referencial - Setop'!H126 -> 830.96 | H14: =ROUND(G14+(G14*$I$7),2) -> 1011.61 | I14: =ROUND((F14*H14),2) -> 1011.61 | J14: 93747
A15: 1.5 | B15: SEINFRA | C15: ED-27006 | D15: CONE PARA SINALIZAÇÃO/ISOLAMENTO DE ÁREAS, ALTURA 75CM , INCLUSIVE FORNECIMENTO E MOVIMENTAÇÃO | E15: UND | F15: ='Memoria de Calculo'!B30 -> 30 | G15: ='Tabela Referencial - Setop'!H179 -> 5.32 | H15: =ROUND(G15+(G15*$I$7),2) -> 6.48 | I15: =ROUND((F15*H15),2) -> 194.4 | J15: 77270
A16: 1.6 | B16: SEINFRA | C16: ED-29823 | D16: TAPUME FIXO DE PROTEÇÃO PARA FECHAMENTO DE OBRA EM TELHA METÁLICA GALVANIZADA, TIPO TRAPEZOIDAL, ESP. 0,5MM, COM MÓDULO NA DIMENSÃO DE (300X220)CM, COM REAPROVEITAMENTO, EXCLUSIVE PINTURA ESMALTE, INCLUSIVE PONTALETE E FIXAÇÃO | E16: M² | F16: ='Memoria de Calculo'!B34 -> 34 | G16: ='Tabela Referencial - Setop'!H176 -> 67.21 | H16: =ROUND(G16+(G16*$I$7),2) -> 81.82 | I16: =ROUND((F16*H16),2) -> 2781.88 | J16: 92895
A17: Total item 1.0 => | I17: =SUM(I11:I16) -> 12207.18
A19: 2.0 | D19: MOBILIZAÇÃO E DESMOBILIZAÇÃO DE OBRA
A20: 2.1 | B20: SEINFRA | C20: ED-50392 | D20: MOBILIZAÇÃO E DESMOBILIZAÇÃO DE OBRA EM CENTRO URBANO OU REGIÃO LIMÍTROFE COM VALOR ATÉ O VALOR DE 1.000.000,00 | E20: % | F20: 0.5 | G20: =K113 -> 413231.24 | H20: =ROUND(G20+(G20*$I$7),2) -> 503067.71 | I20: =H20/100*0.5 -> 2515.3385 | J20: 84295
A21: 2.2 | B21: SEINFRA | C21: ED-50137 | D21: MOBILIZAÇÃO E DESMOBILIZAÇÃO DE CONTAINER, INCLUSIVE CARGA, DESCARGA E TRANSPORTE EM CAMINHÃO CARROCERIA COM GUINDAUTO (MUNCK), EXCLUSIVE LOCAÇÃO DO CONTAINER | E21: UND | F21: ='Memoria de Calculo'!B47 -> 1 | G21: ='Tabela Referencial - Setop'!H163 -> 1668.96 | H21: =ROUND(G21+(G21*$I$7),2) -> 2031.79 | I21: =ROUND((F21*H21),2) -> 2031.79 | J21: 77040
A22: Total item 2.0 => | I22: =SUM(I20:I21) -> 4547.1285
A24: 3.0 | D24: ADMINISTRAÇÃO DE OBRA
A25: 3.1 | B25: SEINFRA | C25: CO-27348 | D25: ENGENHEIRO/ARQUITETO, NÍVEL JÚNIOR, INCLUSIVE ENCARGOS COMPLEMENTARES | E25: H | F25: ='Memoria de Calculo'!C54 -> 80 | G25: ='Tabela Referencial - Setop'!H4974 -> 126.52 | H25: =ROUND(G25+(G25*$I$7),2) -> 154.03 | I25: =ROUND((F25*H25),2) -> 12322.4 | J25: 92147
A26: 3.2 | B26: SEINFRA | C26: ED-28562 | D26: AUXILIAR DE TOPÓGRAFO COM ENCARGOS COMPLEMENTARES | E26: H | F26: ='Memoria de Calculo'!C59 -> 80 | G26: ='Tabela Referencial - Setop'!H3203 -> 25.68 | H26: =ROUND(G26+(G26*$I$7),2) -> 31.26 | I26: =ROUND((F26*H26),2) -> 2500.8 | J26: 92148
A27: 3.3 | B27: SEINFRA | C27: ED-28561 | D27: TOPÓGRAFO COM ENCARGOS COMPLEMENTARES | E27: H | F27: ='Memoria de Calculo'!C64 -> 80 | G27: ='Tabela Referencial - Setop'!H3238 -> 50.63 | H27: =ROUND(G27+(G27*$I$7),2) -> 61.64 | I27: =ROUND((F27*H27),2) -> 4931.2 | J27: 77248
A28: 3.4 | B28: SINAPI | C28: 90776 | D28: ENCARREGADO GERAL COM ENCARGOS COMPLEMENTARES | E28: H | F28: ='Memoria de Calculo'!C69 -> 136 | G28: 75.55 | H28: =ROUND(G28+(G28*$I$7),2) -> 91.97 | I28: =ROUND((F28*H28),2) -> 12507.92 | J28: 77269
A29: Total item 3.0 => | I29: =SUM(I25:I28) -> 32262.32
A31: 4.0 | D31: PROJETOS
A32: 4.1 | B32: SEINFRA | C32: CO-27389 | D32: COMO CONSTRUÍDO ("AS BUILT") DE PROJETOS COM ÁREA ATÉ 10.000 M2 (DRENAGEM PLUVIAL) | E32: M² | F32: ='Memoria de Calculo'!A76 -> 1200 | G32: ='Tabela Referencial - Setop'!H5087 -> 0.87 | H32: =ROUND(G32+(G32*$I$7),2) -> 1.06 | I32: =ROUND((F32*H32),2) -> 1272 | J32: 77035
A33: Total item 4.0 => | I33: =SUM(I32) -> 1272
A35: 5.0 | D35: TERRAPLENAGEM
A36: 5.1 | D36: Escavação
A37: 5.1.1 | B37: SEINFRA | C37: ED-51117 | D37: ESCAVAÇÃO MECÂNICA DE VALAS COM PROFUNDIDADE MAIOR QUE 3,0M E MENOR OU IGUAL 5,0M, INCLUSIVE CARGA EM CAMINHÃO, EXCLUSIVE TRANSPORTE E DESCARGA | E37: M³ | F37: ='Memoria de Calculo'!D85 -> 180 | G37: ='Tabela Referencial - Setop'!H208 -> 8.79 | H37: =ROUND(G37+(G37*$I$7),2) -> 10.7 | I37: =ROUND((F37*H37),2) -> 1926 | J37: 99447
A38: Sub-Total item 5.1 => | I38: =SUM(I37:I37) -> 1926
A39: 5.2 | D39: Escoramento tipo pntalete com prancha verticais
A40: 5.2.1 | B40: SEINFRA | C40: ED-29712 | D40: ESCORAMENTO DE VALA CONTÍNUO, COM PRANCHAS VERTICAIS, LONGARINAS E ESTRONCAS DE MADEIRA, REAPROVEITAMENTO (3X), EXCLUSIVE ESCAVAÇÃO | E40: M | F40: ='Memoria de Calculo'!A92 -> 40 | G40: ='Tabela Referencial - Setop'!H235 -> 123.27 | H40: =ROUND(G40+(G40*$I$7),2) -> 150.07 | I40: =ROUND((F40*H40),2) -> 6002.8 | J40: 92164
A41: Sub-Total item 5.2 => | I41: =SUM(I40:I40) -> 6002.8
A42: 5.3 | D42: Apiloamento
A43: 5.3.1 | B43: SEINFRA | C43: ED-51094 | D43: APILOAMENTO MECANIZADO EM FUNDO DE VALA COM PLACA VIBRATÓRIA, EXCLUSIVE ESCAVAÇÃO | E43: M² | F43: ='Memoria de Calculo'!A99 -> 60 | G43: ='Tabela Referencial - Setop'!H224 -> 14.65 | H43: =ROUND(G43+(G43*$I$7),2) -> 17.83 | I43: =ROUND((F43*H43),2) -> 1069.8 | J43: 101047
A44: Sub-Total item 5.3 => | I44: =SUM(I43) -> 1069.8
A45: 5.4 | D45: Reaterro
A46: 5.4.1 | B46: SEINFRA | C46: ED-51121 | D46: REATERRO MANUAL DE VALA, INCLUSIVE ESPALHAMENTO E COMPACTAÇÃO MECANIZADA COM PLACA VIBRATÓRIA | E46: M³ | F46: ='Memoria de Calculo'!A106 -> 154 | G46: ='Tabela Referencial - Setop'!H233 -> 48.41 | H46: =ROUND(G46+(G46*$I$7),2) -> 58.93 | I46: =ROUND((F46*H46),2) -> 9075.22 | J46: 92168
A47: Sub-Total item 5.4 => | I47: =SUM(I46) -> 9075.22
A48: 5.5 | D48: Compactação
A49: 5.5.1 | B49: SEINFRA | C49: ED-51098 | D49: COMPACTAÇÃO MECÂNICA DE ATERRO COM ROLO VIBRATÓRIO A 95% DO PROCTOR NORMAL, INCLUSIVE ESPALHAMENTO (REATERRO) | E49: M³ | F49: ='Memoria de Calculo'!A113 -> 154 | G49: ='Tabela Referencial - Setop'!H229 -> 4.59 | H49: =ROUND(G49+(G49*$I$7),2) -> 5.59 | I49: =ROUND((F49*H49),2) -> 860.86 | J49: 101123
A50: Sub-Total item 5.5 => | I50: =SUM(I49) -> 860.86
A51: Total item 5.0 => | I51: =SUM(I38+I41+I44+I47+I50) -> 18934.68
A53: 6.0 | D53: DRENAGEM
A54: 6.1 | D54: Bueiro
A55: 6.1.1 | B55: SEINFRA | C55: ED-9210 | D55: TUBO DE CONCRETO ARMADO, CLASSE PA1, DIÂMETRO DE 800MM, INCLUSIVE CARGA E DESCARGA MECÂNICA EM CAMINHÃO, ASSENTAMENTO E REJUNTAMENTO, EXCLUSIVE ESCAVAÇÃO E TRANSPORTE | E55: M | F55: ='Memoria de Calculo'!A122 -> 30 | G55: ='Tabela Referencial - Setop'!H2395 -> 367.55 | H55: =ROUND(G55+(G55*$I$7),2) -> 447.46 | I55: =ROUND((F55*H55),2) -> 13423.8 | J55: 101122
A56: Sub-Total item 6.1 => | I56: =SUM(I55) -> 13423.8
A57: 6.2 | D57: Berço e Suporte
A58: 6.2.1 | B58: SEINFRA | C58: ED-49812 | D58: LASTRO DE CONCRETO MAGRO, INCLUSIVE TRANSPORTE, LANÇAMENTO E ADENSAMENTO | E58: M³ | F58: ='Memoria de Calculo'!A129 -> 18 | G58: ='Tabela Referencial - Setop'!H328 -> 614.88 | H58: =ROUND(G58+(G58*$I$7),2) -> 748.55 | I58: =ROUND((F58*H58),2) -> 13473.9 | J58: 91469
A59: 6.2.2 | B59: SEINFRA | C59: ED-49540 | D59: ENROCAMENTO MANUAL COM PEDRA DE MÃO JOGADA,INCLUSIVE FORNECIMENTO | E59: M³ | F59: ='Memoria de Calculo'!D134 -> 9 | G59: ='Tabela Referencial - Setop'!H332 -> 193.07 | H59: =ROUND(G59+(G59*$I$7),2) -> 235.04 | I59: =ROUND((F59*H59),2) -> 2115.36 | J59: 93032
A60: Sub-Total item 6.2 => | I60: =SUM(I58:I59) -> 15589.26
A61: 6.3 | D61: Poço de Visita
A62: 6.3.1 | B62: SEINFRA | C62: ED-48568 | D62: CHAMINÉ DE POÇO DE VISITA TIPO "A", EM ALVENARIA COM DEGRAUS DE AÇO CA-50 | E62: M | F62: ='Memoria de Calculo'!A141 -> 2 | G62: ='Tabela Referencial - Setop'!H2427 -> 1042.6 | H62: =ROUND(G62+(G62*$I$7),2) -> 1269.26 | I62: =ROUND((F62*H62),2) -> 2538.52 | J62: 91615
A63: 6.3.2 | B63: SEINFRA | C63: ED-48634 | D63: POÇO DE VISITA PARA REDE TUBULAR TIPO A DN 800, EXCLUSIVE ESCAVAÇÃO, REATERRO E BOTA FORA | E63: UND | F63: ='Memoria de Calculo'!A146 -> 1 | G63: ='Tabela Referencial - Setop'!H2434 -> 2942.4 | H63: =ROUND(G63+(G63*$I$7),2) -> 3582.08 | I63: =ROUND((F63*H63),2) -> 3582.08 | J63: 92967
A64: 6.3.3 | B64: SEINFRA | C64: ED-48666 | D64: TAMPÃO CIRCULAR EM FERRO FUNDIDO PARA POÇO DE VISITA, ARTICULADO COM DIÂMETRO DE 60CM, CLASSE 400, INCLUSIVE ASSENTAMENTO, EXCLUSIVE POÇO DE VISITA | E64: UND | F64: ='Memoria de Calculo'!A151 -> 1 | G64: ='Tabela Referencial - Setop'!H2446 -> 685.3 | H64: =ROUND(G64+(G64*$I$7),2) -> 834.28 | I64: =ROUND((F64*H64),2) -> 834.28 | J64: 92969
A65: Sub-Total item 6.3 => | I65: =SUM(I62:I64) -> 6954.88
A66: 6.4 | D66: Caixa de Passagem
A67: 6.4.1 | B67: SEINFRA | C67: ED-48576 | D67: CAIXA DE CAPTAÇÃO E DRENAGEM TIPO B (120 X 120 X 150 CM), D = 500 MM A 1500MM, INCLUSIVE ESCAVAÇÃO, REATERRO E BOTA FORA | E67: UND | F67: ='Memoria de Calculo'!A158 -> 2 | G67: ='Tabela Referencial - Setop'!H2456 -> 3808.76 | H67: =ROUND(G67+(G67*$I$7),2) -> 4636.78 | I67: =ROUND((F67*H67),2) -> 9273.56 | J67: 92181
A68: Sub-Total item 6.4 => | I68: =SUM(I67) -> 9273.56
A69: 6.5 | D69: Meio Fio, Sarjeta e Calçada
A70: 6.5.1 | B70: SEINFRA | C70: ED-51139 | D70: GUIA DE MEIO-FIO, EM CONCRETO COM FCK 20MPA, PRÉ-MOLDADA, MFC-01 PADRÃO DER-MG, DIMENSÕES (12X16,7X35)CM, EXCLUSIVE SARJETA, INCLUSIVE ESCAVAÇÃO, APILOAMENTO E TRANSPORTE COM RETIRADA DO MATERIAL ESCAVADO (EM CAÇAMBA) | E70: M | F70: ='Memoria de Calculo'!A165 -> 35 | G70: ='Tabela Referencial - Setop'!H2817 -> 79.55 | H70: =ROUND(G70+(G70*$I$7),2) -> 96.84 | I70: =ROUND((F70*H70),2) -> 3389.4 | J70: 94138
A71: 6.5.2 | B71: SINAPI | C71: 94281 | D71: EXECUÇÃO DE SARJETA DE CONCRETO USINADO, MOLDADA IN LOCO EM TRECHO RETO, 30 CM BASE X 15 CM ALTURA. AF_01/2024 | E71: M | F71: ='Memoria de Calculo'!A170 -> 35 | G71: 46.82 | H71: =ROUND(G71+(G71*$I$7),2) -> 57 | I71: =ROUND((F71*H71),2) -> 1995 | J71: 101124
A72: 6.5.3 | B72: SEINFRA | C72: ED-51144 | D72: PASSEIOS DE CONCRETO E = 8 CM, FCK = 15 MPA PADRÃO PREFEITURA | E72: M² | F72: ='Memoria de Calculo'!A175 -> 70 | G72: ='Tabela Referencial - Setop'!H2796 -> 82.21 | H72: =ROUND(G72+(G72*$I$7),2) -> 100.08 | I72: =ROUND((F72*H72),2) -> 7005.6 | J72: 91858
A73: Sub-Total item 6.5 => | I73: =SUM(I70:I72) -> 12390
A74: 6.6 | D74: Ala e Dissipador de Energia
A75: 6.6.1 | B75: SUDECAP | C75: 19.10.05 | D75: ALA DE REDE TUBULAR, D= 800MM | E75: UND | F75: ='Memoria de Calculo'!A182 -> 2 | G75: ='Tabela Referencial - Sudecap'!E1939 -> 1656.08 | H75: =ROUND(G75+(G75*$I$7),2) -> 2016.11 | I75: =ROUND((F75*H75),2) -> 4032.22 | J75: 101125
A76: 6.6.2 | B76: SICRO | C76: 2003463 | D76: DISSIPADOR DE ENERGIA - DEB 300-511 - AREIA, BRITA E PEDRA DE MÃO COMERCIAIS | E76: UND | F76: ='Memoria de Calculo'!A187 -> 1 | G76: 2413.86 | H76: =ROUND(G76+(G76*$I$7),2) -> 2938.63 | I76: =ROUND((F76*H76),2) -> 2938.63 | J76: 101126
A77: 6.6.3 | B77: SEINFRA | C77: ED-50852 | D77: ESCADA SOBRE O SOLO DEGRAUS APROXIMADAMENTE 50 X 16,5 CM | E77: M² | F77: ='Memoria de Calculo'!D192 -> 4.8 | G77: ='Tabela Referencial - Setop'!H3015 -> 191.06 | H77: =ROUND(G77+(G77*$I$7),2) -> 232.6 | I77: =ROUND((F77*H77),2) -> 1116.48 | J77: 101127
A78: Sub-Total item 6.6 => | I78: =SUM(I75:I77) -> 8087.33
A79: 6.7 | D79: Boca de Lobo
A80: 6.7.1 | B80: SEINFRA | C80: ED-48551 | D80: BOCA DE LOBO DUPLA (TIPO B - CONCRETO), QUADRO, GRELHA E CANTONEIRA, INCLUSIVE ESCAVAÇÃO, REATERRO E BOTA-FORA | E80: UND | F80: ='Memoria de Calculo'!A199 -> 4 | G80: ='Tabela Referencial - Setop'!H2448 -> 3396.11 | H80: =ROUND(G80+(G80*$I$7),2) -> 4134.42 | I80: =ROUND((F80*H80),2) -> 16537.68 | J80: 92172
A81: Sub-Total item 6.7 => | I81: =SUM(I80) -> 16537.68
A82: Total item 6.0 => | I82: =SUM(I56+I60+I65+I68+I73+I78+I81) -> 82256.51
A84: 7.0 | D84: OBRAS COMPLEMENTARES
A85: 7.1 | D85: Cerca
A86: 7.1.1 | B86: SINAPI | C86: 98522 | D86: ALAMBRADO EM MOURÕES DE CONCRETO, COM TELA DE ARAME GALVANIZADO (INCLUSIVE MURETA EM CONCRETO). AF_05/2018 | E86: M | F86: ='Memoria de Calculo'!A208 -> 40 | G86: 184.9 | H86: =ROUND(G86+(G86*$I$7),2) -> 225.1 | I86: =ROUND((F86*H86),2) -> 9004 | J86: 91855
A87: Total item 7.0 => | I87: =SUM(I86) -> 9004
A89: 8.0 | D89: EROSÃO
A90: 8.1 | D90: Área da Erosão
A91: 8.1.1 | B91: SEINFRA | C91: ED-50702 | D91: DESMATAMENTO, DESTOCAMENTO E LIMPEZA, INCLUSIVE TRANSPORTE ATÉ CINQUENTA (50) METROS | E91: M2 | F91: ='Memoria de Calculo'!C217 -> 1500 | G91: ='Tabela Referencial - Setop'!H19 -> 0.59 | H91: =ROUND(G91+(G91*$I$7),2) -> 0.72 | I91: =ROUND((F91*H91),2) -> 1080 | J91: 92186
A92: 8.1.2 | B92: SINAPI | C92: 88908 | D92: ESCAVADEIRA HIDRÁULICA SOBRE ESTEIRAS, CAÇAMBA 1,20 M3, PESO OPERACIONAL 21 T, POTÊNCIA BRUTA 155HP - CHI DIURNO. AF_06/2014 | E92: CHI | F92: ='Memoria de Calculo'!A222 -> 40 | G92: 104.69 | H92: =ROUND(G92+(G92*$I$7),2) -> 127.45 | I92: =ROUND((F92*H92),2) -> 5098 | J92: 101128
A93: 8.1.3 | B93: SINAPI | C93: 88907 | D93: ESCAVADEIRA HIDRÁULICA SOBRE ESTEIRAS, CAÇAMBA 1,20 M3, PESO OPERACIONAL 21 T, POTÊNCIA BRUTA 155HP - CHP DIURNO. AF_06/2014 | E93: CHP | F93: ='Memoria de Calculo'!A227 -> 120 | G93: 255.23 | H93: =ROUND(G93+(G93*$I$7),2) -> 310.72 | I93: =ROUND((F93*H93),2) -> 37286.4 | J93: 101129
A94: 8.1.4 | B94: SEINFRA | C94: ED-49540 | D94: ENROCAMENTO MANUAL COM PEDRA DE MÃO JOGADA, INCLUSIVE FORNECIMENTO | E94: M3 | F94: ='Memoria de Calculo'!A232 -> 750 | G94: ='Tabela Referencial - Setop'!H332 -> 193.07 | H94: =ROUND(G94+(G94*$I$7),2) -> 235.04 | I94: =ROUND((F94*H94),2) -> 176280 | J94: 93032
A95: Sub-Total item 8.1 => | I95: =SUM(I91:I94) -> 219744.4
A96: 8.2 | D96: Carga e Transporte
A97: 8.2.1 | B97: SEINFRA | C97: ED-51132 | D97: CARGA MECÂNICA DE MATERIAL DE QUALQUER NATUREZA SOBRE CAMINHÃO, EXCLUSIVE TRANSPORTE (20% do material) | E97: M3 | F97: ='Memoria de Calculo'!A239 -> 300 | G97: ='Tabela Referencial - Setop'!H2898 -> 3.35 | H97: =ROUND(G97+(G97*$I$7),2) -> 4.08 | I97: =ROUND((F97*H97),2) -> 1224 | J97: 77066
A98: 8.2.2 | B98: SEINFRA | C98: ED-29233 | D98: TRANSPORTE DE MATERIAL DE QUALQUER NATUREZA EM CAMINHÃO, DISTÂNCIA MAIOR QUE 10KM E MENOR OU IGUAL A 20KM, DENTRO DO PERÍMETRO URBANO, EXCLUSIVE CARGA, INCLUSIVE DESCARGA - (Bota Fora DMT: 20 KM) | E98: M3XKM | F98: ='Memoria de Calculo'!C244 -> 6000 | G98: ='Tabela Referencial - Setop'!H2908 -> 1.77 | H98: =ROUND(G98+(G98*$I$7),2) -> 2.15 | I98: =ROUND((F98*H98),2) -> 12900 | J98: 93125
A99: Sub-Total item 8.2 => | I99: =SUM(I97:I98) -> 14124
A100: 8.3 | D100: Aterro e Conformação
A101: 8.3.1 | B101: SEINFRA | C101: ED-51098 | D101: COMPACTAÇÃO MECÂNICA DE ATERRO COM ROLO VIBRATÓRIO A 95% DO PROCTOR NORMAL, INCLUSIVE ESPALHAMENTO (REATERRO) | E101: M3 | F101: ='Memoria de Calculo'!A251 -> 600 | G101: ='Tabela Referencial - Setop'!H229 -> 4.59 | H101: =ROUND(G101+(G101*$I$7),2) -> 5.59 | I101: =ROUND((F101*H101),2) -> 3354 | J101: 101123
A102: Sub-Total item 8.3 => | I102: =SUM(I101) -> 3354
A103: Total item 8.0 => | I103: =SUM(I95+I99+I102) -> 237222.4
A105: 9.0 | D105: PAVIMENTAÇÃO
A106: 9.1 | D106: Base e Intertravado
A107: 9.1.1 | B107: SEINFRA | C107: ED-9837 | D107: APLICAÇÃO DE CAMADA E REGULARIZAÇÃO EM COLCHÃO DE AREIA PARA PAVIMENTO COM PISO INTERTRAVADO, EXCLUSIVE COMPACTAÇÃO | E107: M3 | F107: ='Memoria de Calculo'!C260 -> 18 | G107: ='Tabela Referencial - Setop'!H2872 -> 270.47 | H107: =ROUND(G107+(G107*$I$7),2) -> 329.27 | I107: =ROUND((F107*H107),2) -> 5926.86 | J107: 101130
A108: 9.1.2 | B108: SEINFRA | C108: ED-8914 | D108: EXECUÇÃO DE PAVIMENTO COM PISO INTERTRAVADO, TIPO SEXTAVADO, ESP. 8CM, COM FCK DE 35MPA, INCLUSIVE COLCHÃO DE AREIA, ESP. 6CM, PARA ASSENTAMENTO, COMPACTAÇÃO MECANIZADA, CARGA E DESCARGA MECÂNICA EM CAMINHÃO, EXCLUSIVE TRANSPORTE DE PISO INTERTRAVADO | E108: M2 | F108: ='Memoria de Calculo'!A265 -> 90 | G108: ='Tabela Referencial - Setop'!H2879 -> 103.16 | H108: =ROUND(G108+(G108*$I$7),2) -> 125.59 | I108: =ROUND((F108*H108),2) -> 11303.1 | J108: 101131
A109: Total item 9.0 => | I109: =SUM(I107:I108) -> 17229.96
A111: 10.0 | D111: LIMPEZA FINAL DE OBRA
...

Sheet Cronograma Fisico-Financeiro
A6: CRONOGRAMA FÍSICO FINANCEIRO
A7: ='Planilha Orçamentaria'!A3:E3 -> PREFEITURA MUNICIPAL DE ARAXÁ/MG | H7: Data: 21/01/2026
A8: ='Planilha Orçamentaria'!A4:E4 -> OBRA: RECUPERAÇÃO DE EROSÃO E EXECUÇÃO DE REDE DRENAGEM PLUVIAL | F8: PRAZO PREVISTO PARA EXECUÇÃO DA OBRA:
A9: ='Planilha Orçamentaria'!A5:E5 -> LOCAL: RUA ADOLFO FONTES SOBRINHO- BAIRRO JARDIM AMÉRICA, MUNICIPIO DE ARAXÁ/MG
A10: ITEM | B10: DISCRIMINAÇÃO DOS SERVIÇOS | C10: VALOR | D10: % | E10: FÍSICO | F10: 1 mês | G10: 2 mês | H10: 3 mês | I10: 4 mês | J10: TOTAL
E11: FINANCEIRO
A12: 1 | B12: ='Planilha Orçamentaria'!D10 -> SERVIÇOS PRELIMINARES | C12: ='Planilha Orçamentaria'!I17 -> 12207.18 | D12: =C12/C$32 -> 0.02936207 | E12: FISICO (%) | F12: 0.25 | G12: 0.25 | H12: 0.25 | I12: 0.25 | J12: =SUM(F12:I12) -> 1
E13: FINANCEIRO (R$) | F13: =F12*C12 -> 3051.795 | G13: =G12*C12 -> 3051.795 | H13: =H12*C12 -> 3051.795 | I13: =I12*C12 -> 3051.795 | J13: =SUM(F13:I13) -> 12207.18
A14: 2 | B14: ='Planilha Orçamentaria'!D19 -> MOBILIZAÇÃO E DESMOBILIZAÇÃO DE OBRA | C14: ='Planilha Orçamentaria'!I22 -> 4547.1285 | D14: =C14/C$32 -> 0.01093726 | E14: FISICO (%) | F14: 0.5 | I14: 0.5 | J14: =SUM(F14:I14) -> 1
E15: FINANCEIRO (R$) | F15: =ROUND($C14*F14,2) -> 2273.56 | G15: =ROUND($C14*G14,2) -> 0 | H15: =ROUND($C14*H14,2) -> 0 | I15: =ROUND($C14*I14,2) -> 2273.56 | J15: =SUM(F15:I15) -> 4547.12
A16: 3 | B16: ='Planilha Orçamentaria'!D24 -> ADMINISTRAÇÃO DE OBRA | C16: ='Planilha Orçamentaria'!I29 -> 32262.32 | D16: =C16/C$32 -> 0.077600927 | E16: FISICO (%) | F16: 0.25 | G16: 0.25 | H16: 0.25 | I16: 0.25 | J16: =SUM(F16:I16) -> 1
E17: FINANCEIRO (R$) | F17: =ROUND($C16*F16,2) -> 8065.58 | G17: =ROUND($C16*G16,2) -> 8065.58 | H17: =ROUND($C16*H16,2) -> 8065.58 | I17: =ROUND($C16*I16,2) -> 8065.58 | J17: =SUM(F17:I17) -> 32262.32
A18: 4 | B18: ='Planilha Orçamentaria'!D31 -> PROJETOS | C18: ='Planilha Orçamentaria'!I33 -> 1272 | D18: =C18/C$32 -> 0.0030595561 | E18: FISICO (%) | I18: 1 | J18: =SUM(F18:I18) -> 1
E19: FINANCEIRO (R$) | F19: =ROUND($C18*F18,2) -> 0 | G19: =ROUND($C18*G18,2) -> 0 | H19: =ROUND($C18*H18,2) -> 0 | I19: =ROUND($C18*I18,2) -> 1272 | J19: =SUM(F19:I19) -> 1272
A20: 5 | B20: ='Planilha Orçamentaria'!D35 -> TERRAPLENAGEM | C20: ='Planilha Orçamentaria'!I51 -> 18934.68 | D20: =C20/C$32 -> 0.045543802 | E20: FISICO (%) | G20: 0.5 | H20: 0.5 | J20: =SUM(F20:I20) -> 1
E21: FINANCEIRO (R$) | F21: =ROUND($C20*F20,2) -> 0 | G21: =ROUND($C20*G20,2) -> 9467.34 | H21: =ROUND($C20*H20,2) -> 9467.34 | I21: =ROUND($C20*I20,2) -> 0 | J21: =SUM(F21:I21) -> 18934.68
A22: 6 | B22: ='Planilha Orçamentaria'!D53 -> DRENAGEM | C22: ='Planilha Orçamentaria'!I82 -> 82256.51 | D22: =C22/C$32 -> 0.19785252 | E22: FISICO (%) | G22: 0.6 | H22: 0.25 | I22: 0.15 | J22: =SUM(F22:I22) -> 1
E23: FINANCEIRO (R$) | F23: =ROUND($C22*F22,2) -> 0 | G23: =ROUND($C22*G22,2) -> 49353.91 | H23: =ROUND($C22*H22,2) -> 20564.13 | I23: =ROUND($C22*I22,2) -> 12338.48 | J23: =SUM(F23:I23) -> 82256.52
A24: 7 | B24: ='Planilha Orçamentaria'!D84 -> OBRAS COMPLEMENTARES | C24: ='Planilha Orçamentaria'!I87 -> 9004 | D24: =C24/C$32 -> 0.021657424 | E24: FISICO (%) | I24: 1 | J24: =SUM(F24:I24) -> 1
E25: FINANCEIRO (R$) | F25: =ROUND($C24*F24,2) -> 0 | G25: =ROUND($C24*G24,2) -> 0 | H25: =ROUND($C24*H24,2) -> 0 | I25: =ROUND($C24*I24,2) -> 9004 | J25: =SUM(F25:I25) -> 9004
A26: 8 | B26: ='Planilha Orçamentaria'!D89 -> EROSÃO | C26: ='Planilha Orçamentaria'!I103 -> 237222.4 | D26: =C26/C$32 -> 0.57059375 | E26: FISICO (%) | F26: 0.25 | G26: 0.4 | H26: 0.35 | J26: =SUM(F26:I26) -> 1
E27: FINANCEIRO (R$) | F27: =ROUND($C26*F26,2) -> 59305.6 | G27: =ROUND($C26*G26,2) -> 94888.96 | H27: =ROUND($C26*H26,2) -> 83027.84 | I27: =ROUND($C26*I26,2) -> 0 | J27: =SUM(F27:I27) -> 237222.4
A28: 9 | B28: ='Planilha Orçamentaria'!D105 -> PAVIMENTAÇÃO | C28: ='Planilha Orçamentaria'!I109 -> 17229.96 | D28: =C28/C$32 -> 0.04144342 | E28: FISICO (%) | H28: 0.75 | I28: 0.25 | J28: =SUM(F28:I28) -> 1
E29: FINANCEIRO (R$) | F29: =ROUND($C28*F28,2) -> 0 | G29: =ROUND($C28*G28,2) -> 0 | H29: =ROUND($C28*H28,2) -> 12922.47 | I29: =ROUND($C28*I28,2) -> 4307.49 | J29: =SUM(F29:I29) -> 17229.96
A30: 10 | B30: ='Planilha Orçamentaria'!D111 -> LIMPEZA FINAL DE OBRA | C30: ='Planilha Orçamentaria'!I114 -> 810.4 | D30: =C30/C$32 -> 0.0019492644 | E30: FISICO (%) | I30: 1 | J30: =SUM(F30:I30) -> 1
E31: FINANCEIRO (R$) | F31: =ROUND($C30*F30,2) -> 0 | G31: =ROUND($C30*G30,2) -> 0 | H31: =ROUND($C30*H30,2) -> 0 | I31: =ROUND($C30*I30,2) -> 810.4 | J31: =SUM(F31:I31) -> 810.4
A32: TOTAL GERAL | C32: =SUM(C12:C31) -> 415746.58 | D32: =SUM(D12:D31) -> 1 | E32: FISICO (%) | F32: =F33/C32 -> 0.17485781 | G32: =G33/C32 -> 0.39646168 | H32: =H33/C32 -> 0.32976617 | I32: =I33/C32 -> 0.098914356 | J32: =SUM(F32:I32) -> 1
E33: FINANCEIRO (R$) | F33: =SUM(F13+F15+F17+F19+F21+F23+F25+F27+F29+F31) -> 72696.535 | G33: =SUM(G13+G15+G17+G19+G21+G23+G25+G27+G29+G31) -> 164827.59 | H33: =SUM(H13+H15+H17+H19+H21+H23+H25+H27+H29+H31) -> 137099.15 | I33: =SUM(I13+I15+I17+I19+I21+I23+I25+I27+I29+I31) -> 41123.305 | J33: =SUM(F33:I33) -> 415746.58
